 Dungeon Crawl Stone Soup version 0.25.1-2-g60ff931df9 (webtiles) character file.

Game seed: 4837664944938494012

1226535 gainzmaster the Conqueror (level 27, 0/179 HPs)
             Began as a Gargoyle Fighter on Nov 26, 2020.
             Was the Champion of Okawaru.
             Killed by divine providence
             ... invoked by a daeva
              (11 damage)
             ... on level 11 of a ziggurat on Nov 30, 2020.
             The game lasted 07:00:50 (129475 turns).

gainzmaster the Conqueror (Gargoyle Fighter)      Turns: 129475, Time: 07:00:55

Health: 0/179      AC: 71    Str: 36    XL:     27
Magic:  51/51      EV: 20    Int: 18    God:    Okawaru [******]
Gold:   14688      SH: 41    Dex: 11    Spells: 16/75 levels left

rFire    + + .     SeeInvis .   d - +8 mithril axe "Arga" {speed, MR+}
rCold    + + .     Gourm    .   l - +8 tower shield {rF+}
rNeg     + . .     Faith    .   n - +4 crystal plate armour of the Blessed Realm {Int+7 Dex+2}
rPois    ∞         Spirit   .   (helmet restricted)
rElec    +         Reflect  +   S - +1 cloak of Starlight {rElec rC+ EV+4 Stlth--}
rCorr    .         Harm     .   R - +2 pair of gloves {Str+3}
MR       ++++.                  J - +2 pair of boots {run}
Stlth    ..........             x - amulet of reflection
HPRegen  0.39/turn              I - ring of Digyxzi {rF+ rC+ MR+ Str+4 Int+4}
MPRegen  0.32/turn              P - +4 ring of slaying

@: slightly contaminated, glowing, invisible (but backlit and visible), quick
A: big wings, beak, claws 1, horns 2, icy blue scales 2, iridescent scales 1,
blurry vision 1, clumsy 1, dopey 2, frail 1, negative energy resistance 1,
electricity resistance, unbreathing, petrification resistance, rot immunity, AC
+20
}: 10/15 runes: barnacled, slimy, silver, golden, iron, obsidian, icy, bone,
abyssal, gossamer
a: Fly, Heroism, Finesse, Renounce Religion


You were on level 11 of a ziggurat.
You worshipped Okawaru.
Okawaru was exalted by your worship.
You were near starving.

You visited 18 branches of the dungeon, and saw 89 of its levels.
You visited Pandemonium 2 times, and saw 8 of its levels.
You visited the Abyss 4 times.
You visited 2 bazaars.
You visited 1 ziggurat, and saw 11 of its levels.
You also visited: Gauntlet, Ice Cave and Wizlab.

You collected 18686 gold pieces.
You spent 3998 gold pieces at shops.

Inventory:

Hand Weapons
 a - a +9 broad axe of flaming
 d - the +8 mithril axe "Arga" (weapon) {speed, MR+}
   (You acquired it on level 1 of the Realm of Zot)

   Attacks with this weapon are significantly faster.
   It affects your resistance to hostile enchantments.
Armour
 k - a +2 helmet
 l - a +8 tower shield of fire resistance (worn)
 n - the +4 crystal plate armour of the Blessed Realm (worn) {Int+7 Dex+2}
   (Okawaru gifted it to you on level 7 of the Iron City of Dis)

   It affects your intelligence (+7).
   It affects your dexterity (+2).
 J - a +2 pair of boots of running (worn)
 R - a +2 pair of gloves of strength (worn)
 S - the +1 cloak of Starlight (worn) {rElec rC+ EV+4 Stlth--}
   (You found it in a wizard's laboratory)

   It affects your evasion (+4).
   It protects you from cold.
   It insulates you from electricity.
   It makes you much less stealthy.
Jewellery
 b - an uncursed ring of protection from fire
 c - a cursed +4 ring of protection
 j - an uncursed ring of stealth
 m - the ring "Kucekhle" {rN+ MR+ Dex-5 Stlth+}
   (You took it off a fire giant on level 3 of the Depths)

   [ring of positive energy]

   It affects your dexterity (-5).
   It protects you from negative energy.
   It affects your resistance to hostile enchantments.
   It makes you more stealthy.
 o - the ring "Zoamaeff" {EV+4 Int+2}
   (You found it on level 7 of Gehenna)

   [ring of evasion]

   It affects your evasion (+4).
   It affects your intelligence (+2).
 v - the amulet of Summifoj {Reflect *Corrode rF+++ rN+++ SH+5}
   (You found it on level 7 of Tartarus)

   [amulet of reflection]

   It shields you and reflects attacks.
   It renders you almost immune to fire.
   It renders you almost immune to negative energy.
   It may corrode you when you take damage.
   It affects your SH (+5).
 x - an amulet of reflection (around neck)
 I - the ring of Digyxzi (left hand) {rF+ rC+ MR+ Str+4 Int+4}
   (You took it off a deep elf death mage on level 3 of the Elven Halls)

   [ring of protection from fire]

   It affects your strength (+4).
   It affects your intelligence (+4).
   It protects you from fire.
   It protects you from cold.
   It affects your resistance to hostile enchantments.
 K - the ring "Viatufyc" {rF+ rC+}
   (You found it on level 2 of the Realm of Zot)

   [ring of protection from cold]

   It protects you from fire.
   It protects you from cold.
 M - the ring of Xom's Malicious Joy {*Drain rF+ MR++ Str+2 Stlth+, unknown}
   (You found it on level 9 of a ziggurat)

   [ring of protection from fire]

   It affects your strength (+2).
   It protects you from fire.
   It affects your resistance to hostile enchantments.
   It causes draining when unequipped.
   It makes you more stealthy.
 P - a +4 ring of slaying (right hand)
 T - a +4 ring of slaying
 V - an uncursed ring of fire
 W - the ring of the Mage {Wiz MR++ Int+3}
   (You found it on level 3 of the Elven Halls)

   [ring of wizardry]

   It improves your spell success rate.
   It affects your intelligence (+3).
   It affects your resistance to hostile enchantments.
Wands
 q - a wand of digging (26)
 w - a wand of acid (54)
Scrolls
 e - 43 scrolls of remove curse
 p - 5 scrolls of silence
 s - 22 scrolls of identify
 u - 7 scrolls of noise
 y - 2 scrolls of holy word
 B - 5 scrolls of enchant armour
 C - 11 scrolls of magic mapping
 D - 5 scrolls of enchant weapon
 F - 5 scrolls of fog
 G - 3 scrolls of summoning
 H - 21 scrolls of teleportation
 L - 11 scrolls of fear
 N - 10 scrolls of blinking
Potions
 g - 19 potions of curing
 i - 14 potions of haste
 t - a potion of mutation
 z - 5 potions of berserk rage
 E - 10 potions of cancellation
 O - 4 potions of ambrosia
 Q - 12 potions of might
 U - 3 potions of resistance
 Y - a potion of invisibility
Miscellaneous
 h - a figurine of a ziggurat
 Z - 13 phantom mirrors
Comestibles
 f - 65 rations


   Skills:
 O Level 27 Fighting
 - Level 25.3(25.4) Axes
   Level 3.0(19.0) Maces & Flails
 - Level 3.4 Throwing
 - Level 25.5 Armour
 * Level 18.6 Dodging
 - Level 25.3 Shields
 * Level 24.7 Spellcasting
 - Level 16.3 Conjurations
 * Level 17.2 Hexes
 - Level 9.2 Charms
 - Level 20.7 Translocations
 - Level 16.9 Earth Magic
 - Level 14.2 Invocations


You had 16 spell levels left.
You knew the following spells:

 Your Spells              Type           Power        Failure   Level  Hunger
a - Blink                 Tloc           N/A          0%          2    None
b - Shroud of Golubria    Chrm/Tloc      ######       1%          2    None
c - Teleport Other        Tloc           #######.     0%          3    None
d - Song of Slaying       Chrm           ######..     1%          2    None
e - Controlled Blink      Tloc           N/A          11%         8    ######.
f - Swiftness             Chrm/Air       #####...     1%          2    None
g - Stone Arrow           Conj/Erth      ######       1%          3    None
h - Petrify               Tmut/Erth      ######..     2%          4    None
i - Iron Shot             Conj/Erth      ######....   1%          6    ###....
j - Borgnjor's Vile Clut  Necr/Erth      ######....   7%          5    None
k - Infusion              Chrm           ####         1%          1    None
l - Dispersal             Tloc           #######...   1%          6    ###....
m - Bolt of Magma         Conj/Fire/Erth ######....   2%          5    None
n - Lee's Rapid Deconstr  Erth           ######....   1%          5    None
o - Spectral Weapon       Hex/Chrm       ######..     1%          3    None
p - Passwall              Tmut/Erth      ######..     1%          2    None

Your spell library contained the following spells:

 Spells                   Type           Power        Failure   Level  Hunger
 Apportation              Tloc           ######       0%          1    None
 Corona                   Hex            ######.      0%          1    None
 Magic Dart               Conj           ####         0%          1    None
 Sandblast                Erth           ######       0%          1    None
 Searing Ray              Conj           ######       0%          2    None
 Gell's Gravitas          Tloc           #######...   0%          3    None
 Lesser Beckoning         Tloc           #######...   0%          3    None
 Portal Projectile        Hex/Tloc       ######       0%          3    None
 Passage of Golubria      Tloc           N/A          0%          4    None
 Foxfire                  Conj/Fire      ####         1%          1    None
 Shock                    Conj/Air       ####         1%          1    None
 Ensorcelled Hibernation  Hex/Ice        ######       1%          2    None
 Confusing Touch          Hex            ######..     1%          3    None
 Conjure Flame            Conj/Fire      ######..     1%          3    None
 Dazzling Flash           Conj/Hex       ######       1%          3    None
 Inner Flame              Hex/Fire       ######..     1%          3    None
 Recall                   Summ/Tloc      N/A          1%          3    None
 Static Discharge         Conj/Air       ######..     1%          3    None
 Summon Guardian Golem    Hex/Summ       ######..     1%          3    None
 Tukima's Dance           Hex            ######..     1%          3    None
 Cause Fear               Hex            ######....   1%          4    None
 Fulminant Prism          Conj/Hex       ######....   1%          4    None
 Iskenderun's Mystic Bla  Conj/Tloc      ######..     1%          4    None
 Leda's Liquefaction      Hex/Erth       ######....   1%          4    None
 Iskenderun's Battlesphe  Conj/Chrm      ######..     1%          5    None
 Darkness                 Hex            ######....   1%          6    ###....
 Invisibility             Hex            ######..     1%          6    ###....
 Mephitic Cloud           Conj/Pois/Air  #####...     2%          3    None
 Hailstorm                Conj/Ice       ######..     2%          4    None
 Sticky Flame             Conj/Fire      ######..     2%          4    None
 Ozocubu's Armour         Chrm/Ice       #####...     3%          3    None
 Summon Forest            Summ/Tloc      ######....   3%          5    None
 Metabolic Englaciation   Hex/Ice        ######....   6%          5    None
 Silence                  Hex/Air        ######....   6%          5    None
 Summon Mana Viper        Hex/Summ       ######..     6%          5    None
 Yara's Violent Unravell  Hex/Tmut       ######....   6%          5    None
 Animate Skeleton         Necr           N/A          8%          1    None
 Beastly Appendage        Tmut           ###...       8%          1    None
 Freeze                   Ice            ###.         8%          1    None
 Pain                     Necr           ###.         8%          1    None
 Sting                    Tmut/Pois      ###.         8%          1    None
 Summon Butterflies       Summ           ###.....     8%          1    None
 Summon Small Mammal      Summ           ###.         8%          1    None
 Fireball                 Conj/Fire      ######....   8%          5    None
 Irradiate                Conj/Tmut      ######....   8%          5    None
 Lightning Bolt           Conj/Air       ######....   8%          5    None
 Orb of Destruction       Conj           ######....   9%          7    #####..
 Disjunction              Tloc           #######...   11%         8    ######.
 Call Imp                 Summ           ###.....     12%         2    None
 Corpse Rot               Necr/Air       N/A          12%         2    None
 Poisonous Vapours        Pois/Air       ###...       12%         2    None
 Sticks to Snakes         Tmut           ###.....     12%         2    None
 Call Canine Familiar     Summ           ###.....     24%         3    None
 Frozen Ramparts          Ice            ###...       24%         3    None
 Ignite Poison            Fire/Tmut/Pois ###.....     24%         3    None
 Spider Form              Tmut/Pois      ###.......   24%         3    None
 Vampiric Draining        Necr           ###.......   24%         3    None
 Excruciating Wounds      Chrm/Necr      #####.....   32%         5    None
 Discord                  Hex            ######....   41%         8    ######.
 Animate Dead             Necr           N/A          61%         4    None
 Dispel Undead            Necr           ###.....     61%         4    None
 Ice Form                 Ice/Tmut       ###.....     61%         4    None
 Olgreb's Toxic Radiance  Pois           ###.....     61%         4    None
 Summon Ice Beast         Ice/Summ       ###.....     61%         4    None
 Summon Lightning Spire   Summ/Air       ###.....     61%         4    None
 Freezing Cloud           Conj/Ice/Air   #####.....   78%         6    ###....
 Agony                    Necr           ###.....     91%         5    None
 Alistair's Intoxication  Tmut/Pois      ###.....     91%         5    None
 Aura of Abjuration       Summ           ###.......   91%         5    None
 Blade Hands              Tmut           ###.......   91%         5    None
 Summon Demon             Summ           ###.......   91%         5    None
 Spellforged Servitor     Conj/Summ      ######....   93%         7    #####..
 Death Channel            Necr           ###.......   100%        6    ###....
 Eringya's Noxious Bog    Tmut/Pois      ###.......   100%        6    ###....
 Hydra Form               Tmut           ###.......   100%        6    ###....
 Ozocubu's Refrigeration  Ice            ###.......   100%        6    ###....
 Shadow Creatures         Summ           N/A          100%        6    ###....
 Simulacrum               Ice/Necr       ###.......   100%        6    ###....
 Dragon Form              Tmut           ###.......   100%        7    #####..
 Haunt                    Necr/Summ      ###.......   100%        7    #####..
 Ring of Flames           Chrm/Fire      #####.....   100%        7    #####..
 Summon Hydra             Summ           ###.......   100%        7    #####..
 Borgnjor's Revivificati  Necr           ###.......   100%        8    ######.
 Death's Door             Chrm/Necr      #####.....   100%        8    ######.
 Ignition                 Fire           ###.......   100%        8    ######.
 Infestation              Necr           ###.......   100%        8    ######.
 Necromutation            Tmut/Necr      ###.......   100%        8    ######.
 Dragon's Call            Summ           ###.......   100%        9    #######
 Shatter                  Erth           ######....   100%        9    #######
 Tornado                  Air            ###.......   100%        9    #######
 Sublimation of Blood     Necr           Unusable     N/A         2    N/A
 Statue Form              Tmut/Erth      Unusable     N/A         6    N/A

Dungeon Overview and Level Annotations

Branches:
Dungeon (15/15)            Temple (1/1) D:4            Lair (6/6) D:11
 Shoals (4/4) Lair:3       Spider (4/4) Lair:4        Slime (5/5) Lair:6
    Orc (2/2) D:9             Elf (3/3) Orc:2        Vaults (5/5) D:13
  Crypt (3/3) Vaults:2       Tomb (3/3) Crypt:3      Depths (5/5) D:15
   Hell (visited)             Dis (7/7) Hell            Geh (7/7) Hell
    Coc (7/7) Hell            Tar (7/7) Hell            Zot (5/5) Depths:5
  IceCv (visited)          WizLab (visited)         Gauntlet (visited)

Altars:
Ashenzari
Dithmenos
Elyvilon
Fedhas
Gozag
Hepliaklqana
Kikubaaqudgha
Makhleb
Nemelex Xobeh
Okawaru
Qazlal
Ru
Sif Muna
Trog
Uskayaw
Vehumet
Wu Jian
Xom
Yredelemnul
Zin
The Shining One
Lugonu

Shops:
D:4 [   D:10 %   Orc:2 (!*(   Elf:1 ?=[   Shoals:4 [   Vaults:2 =!!??
Vaults:4 !*?   Vaults:5 %   Depths:3 (

Portals:
Hell: Lair:6 Depths:1 Depths:3 Depths:4 Depths:5
Abyss: Depths:1 Depths:4
Pandemonium: Depths:3

Annotations:
D:9 2 transporters, ioannis32's ghost, novice DsBe
D:11 exclusion: 2 oklob plants
Shoals:4 Ilsuiw
Depths:5 4 runed translucent doors


Innate Abilities, Weirdness & Mutations

You are resistant to torment.
Your stone body is resilient. (AC +20)
You are immune to poison.
Your large and strong wings let you fly indefinitely.
You resist negative energy. (rN+)
You are resistant to electric shocks. (rElec)
You can survive without breathing.
You are immune to petrification.
You are immune to rotting.
You have a beak for a mouth.
You have sharp fingernails.
You have a pair of horns on your head.
You are mostly covered in icy blue scales. (AC +3)
You are partially covered in iridescent scales. (AC +2)
Scrolls take you a little longer to read.
You are clumsy. (Dex -2)
You are very dopey. (Int -4)
You are frail. (-10% HP)


Message History

The daeva blocks your attack.
You slash the cherub! You slice the cherub!!
There are monsters nearby!
There are monsters nearby!
You slice the cherub!!
You kill the cherub!
Okawaru accepts your kill.
You hit the cherub but do no damage. The daeva blocks your attack.
You slash the daeva! The cherub misses you. You block the cherub's attack.
There are monsters nearby!
There are monsters nearby!
Casting: Controlled Blink (dangerous; 11% risk of failure)
Confirm with . or Enter, or press ? or * to list all spells.
You don't know that spell.
You slice the daeva!! Your peck misses the daeva.
The daeva is moderately wounded.
You hit the cherub. The daeva blocks your attack. You block the daeva's attack.
The daeva misses you.
The daeva calls down the wrath of the Shining One upon you.
The Shining One smites you!
You die...

▓∩.................$[>▓
▓...A..............?!∩▓
▓.AAA..............|)%▓
▓..AA.................▓
▓.§YA.........§§......▓
▓▓▓▓▓▓▓......§§§▓▓▓▓▓▓▓
▓....§§§§§▓ ▓...§§§AA§▓
..§..§@A▓ ▓▓▓▓▓▓▓▓▓


You could see 2 daevas and a cherub (strong).

Vanquished Creatures
  Asmodeus (Geh:7)
  Antaeus (Coc:7)
  the Royal Jelly (Slime:5)
  Ereshkigal (Tar:7)
  the Serpent of Hell (Geh:7)
  5 orbs of fire (Zot:5)
  Dispater (Dis:7)
  Mennas (Crypt:3)
  4 juggernauts
  8 ancient liches
  29 greater mummies
  Sojobo (Vaults:1)
  8 pandemonium lords
  6 Killer Klowns
  Saint Roka (Crypt:2)
  13 shard shrikes
  Margery (Crypt:3)
  Xtahua (Crypt:3)
  The ghost of heteroy the Petrodigitator, a veteran GrEE of Vehumet (Vaults:4)
  Geryon (Hell)
  8 golden dragons
  The ghost of Faz Zuef the Impregnable, an adept DDFi of Gozag (Depths:5)
  Jory (Crypt:2)
  A profane servitor (Abyss:1)
  the Enchantress (Depths:1)
  13 bone dragons
  21 Tzitzimimeh
  Nikola (Shoals:1)
  16 Brimstone Fiends
  4 pearl dragons
  Arachne (Spider:2)
  The ghost of hjaiej13 the Gelid, an adept DrIE of Vehumet (Shoals:4)
  9 iron giants
  4 electric golems
  A shard shrike zombie (Crypt:1)
  19 liches
  5 doom hounds
  10 Hell Sentinels
  35 Ice Fiends
  Jorgrun (Shoals:1)
  Rupert (Vaults:1)
  14 tentacled monstrosities
  A titan (shapeshifter) (Vaults:3)
  24 Orb Guardians (Zot:5)
  4 hellephants (Dis:1)
  12 Executioners
  3 deep elf master archers
  11 quicksilver dragons
  Murray (Hell)
  25 acid blobs
  2 deep elf blademasters (Elf:3)
  7 titans
  2 krakens
  8 tentacled starspawn
  12 sphinxes
  15 ancient champions
  Polyphemus (Shoals:4)
  The ghost of Tang the Devastator, an adept TeAE of Sif Muna (Shoals:1)
  The ghost of Ubraesch the Brawler, an adept TrMo of Nemelex Xobeh (Depths:3)
  5 tengu reavers
  8 death cobs
  An eldritch tentacle (WizLab)
  13 shadow dragons
  Roxanne (Shoals:1)
  Agnes (Spider:1)
  14 azure jellies
  15 storm dragons
  4 revenants
  Donald (Vaults:1)
  13 fire giants
  12 frost giants
  7 draconian monks
  11 draconian knights
  4 deep elf sorcerers
  5 ghost moths
  7 emperor scorpions
  5 cacodemons
  Aizul (Spider:3)
  8 draconian scorchers
  Louise (D:15)
  13 vault wardens
  34 balrugs
  7 draconian shifters
  2 draconian stormcallers (Zot:3)
  2 curse skulls
  12 iron dragons
  7 warmongers (Pan)
  2 ghouls
  3 deep elf elementalists
  4 angels
  6 draconian annihilators
  5 spriggan defenders
  11 ironheart preservers
  62 reapers
  40 very ugly things
  7 blood saints (Pan)
  24 war gargoyles
  3 apis (Zig:11)
  9 vampire knights
  30 stone giants
  3 elemental wellsprings
  4 entropy weavers
  6 black suns
  16 green draconians
  16 bennus
  10 black draconians
  9 spark wasps
  27 lorocyprocas
  A dire elephant (Abyss:1)
  12 corrupters (Pan)
  10 deep elf demonologists
  8 white draconians
  17 purple draconians
  16 red draconians
  9 yellow draconians
  The ghost of gbos the Severer, a journeyman NaFi of Okawaru (Lair:4)
  19 blizzard demons
  12 deep elf annihilators
  4 eidola
  14 deep elf death magi
  16 ettins
  An ettin (shapeshifter) (Vaults:5)
  5 merfolk javelineers
  10 death oozes
  12 fire dragons
  11 quicksilver dragon zombies
  19 mummy priests
  11 green deaths
  10 jiangshi
  7 deep elf high priests
  A kraken zombie (Coc:3)
  3 merfolk impalers
  12 yaktaur captains
  3 quicksilver dragon skeletons
  25 vault guards
  A catoblepas (Shoals:4)
  8 hell beasts
  13 great orbs of eyes
  26 ice dragons
  2 ghost crabs
  9 rakshasas
  5 spriggan air magi
  15 hydras
  8 monstrous demonspawn
  12 centaur warriors
  19 ogre magi
  An alligator snapping turtle (shapeshifter) (Vaults:5)
  An anaconda (Lair:4)
  44 two-headed ogres
  2 merfolk avatars
  31 dancing weapons
  7 death knights
  An alligator snapping turtle (Shoals:4)
  6 death yaks
  11 tengu warriors
  5 titan zombies
  44 death scarabs
  4 deep troll shamans
  A two-headed ogre (shapeshifter) (Depths:1)
  7 merfolk aquamancers
  2 satyrs
  31 hell hogs
  7 vampire magi
  5 storm dragon zombies
  14 thrashing horrors
  30 soul eaters
  8 deep troll earth magi
  7 iron golems
  9 spriggan berserkers
  7 wretched stars
  3 orc high priests (Orc:2)
  71 sun demons
  25 deep elf knights
  12 sixfirhies
  7 storm dragon skeletons
  17 sea snakes
  5 titan skeletons
  11 anaconda zombies
  61 hell knights
  34 deep trolls
  8 golden dragon zombies
  4 spatial maelstroms
  6 cherubim
  8 glowing orange brains
  A ghost moth zombie (Dis:4)
  19 iron trolls
  8 shadow wraiths
  216 skeletal warriors
  4 gelid demonspawn (Pan)
  21 flayed ghosts
  A kraken simulacrum (Coc:2)
  3 death drakes
  30 shadow demons
  2 unseen horrors
  4 wizards
  10 torturous demonspawn (Pan)
  9 infernal demonspawn (Pan)
  4 golden dragon skeletons
  3 shadow dragon zombies
  13 ironbrand convokers
  68 deep elf magi
  3 swamp dragons (Zot:3)
  An obsidian statue (WizLab)
  A swamp dragon (shapeshifter) (Vaults:3)
  37 phantasmal warriors
  2 lindwurms (shapeshifter)
  8 wolf spider zombies
  16 deep elf archers
  6 anaconda skeletons
  17 orc knights
  A harpy (shapeshifter) (Elf:2)
  21 harpies
  3 iron dragon zombies
  7 stone giant zombies
  15 necromancers
  2 shadow dragon skeletons
  58 ugly things
  16 orb spiders
  34 wolf spiders
  6 orc sorcerers
  7 shining eyes
  A manticore (shapeshifter) (Depths:3)
  24 moths of wrath
  8 cyclopes
  13 fauns
  3 iron dragon skeletons
  11 manticores
  15 merfolk sirens
  11 fire giant skeletons
  9 frost giant zombies
  2 cyclopes (shapeshifter) (Vaults:4)
  19 elephants
  2 worldbinders
  2 shock serpent zombies (Geh:7)
  12 fire giant zombies
  A toenail golem (Pan)
  45 rust devils
  An elephant (shapeshifter) (Vaults:3)
  6 dire elephant zombies
  8 black mambas
  9 molten gargoyles
  2 black mambas (shapeshifter)
  2 ice statues
  2 torpor snails
  9 frost giant skeletons
  A water nymph (shapeshifter) (Elf:3)
  18 vault sentinels
  A shock serpent skeleton (Geh:7)
  8 water nymphs
  53 smoke demons
  4 stone giant skeletons
  An emperor scorpion zombie (Coc:7)
  A minotaur zombie (Geh:1)
  A grey draconian zombie (Crypt:2)
  5 eyes of devastation
  4 gargoyles (Crypt:3)
  2 apocalypse crabs
  A spiny frog (shapeshifter) (Vaults:2)
  6 spiny frogs
  14 orange demons
  A torpor snail (shapeshifter) (Vaults:5)
  44 yaktaurs
  A yellow draconian zombie (Crypt:2)
  39 hellions
  4 dire elephant skeletons
  6 kobold demonologists
  10 komodo dragons
  7 centaur skeletons
  44 freezing wraiths
  2 catoblepas zombies
  A komodo dragon (shapeshifter) (Depths:3)
  44 ice devils
  70 demonic crawlers
  7 rime drakes
  2 anaconda simulacra (Coc:7)
  3 efreet
  An alligator snapping turtle skeleton (Crypt:1)
  61 tormentors
  24 hydra zombies
  42 guardian mummies
  4 silent spectres
  5 trolls
  8 ancient zymes
  10 hellwings
  A minotaur skeleton (Crypt:1)
  48 red devils
  7 tengu conjurers
  30 jumping spiders
  A queen bee (shapeshifter) (Depths:3)
  A queen bee (D:11)
  2 catoblepas skeletons
  A polar bear (shapeshifter) (Depths:1)
  20 polar bears
  A troll (shapeshifter) (Vaults:3)
  2 harpy zombies
  17 merfolk
  2 wind drakes
  8 hornets
  13 hydra skeletons
  A blink frog (shapeshifter) (Vaults:4)
  27 blink frogs
  A jumping spider (shapeshifter) (Vaults:3)
  A wind drake (shapeshifter) (Vaults:4)
  3 harpy skeletons
  26 raiju
  A raiju (shapeshifter) (D:13)
  6 ettin zombies
  13 snapping turtles
  Prince Ribbit (D:6)
  9 ice dragon zombies
  A hippogriff (shapeshifter) (Depths:1)
  A bog body (Crypt:1)
  10 fire dragon zombies
  152 slime creatures
  9 dream sheep
  2 frost giant simulacra
  10 alligator zombies
  16 hippogriffs
  2 guardian serpent skeletons
  131 flying skulls
  5 spriggans
  81 redbacks
  4 ice dragon skeletons
  35 shadows
  A shapeshifter (Abyss:2)
  2 tarantellas (shapeshifter)
  2 wyverns
  A black mamba zombie (Dis:7)
  2 air elementals (Elf:3)
  5 alligator skeletons
  A dire elephant simulacrum (Abyss:1)
  57 large abominations
  5 vampires (Crypt:3)
  10 ettin skeletons
  26 tarantellas
  4 fire dragon skeletons
  Eustachio (D:6)
  A basilisk (Lair:1)
  21 fire elementals
  38 wraiths
  3 yaks (shapeshifter)
  36 ynoxinuls
  A black mamba skeleton (Geh:6)
  23 water elementals
  22 small abominations
  24 ushabtiu
  7 golden eyes
  50 yaks
  A basilisk (shapeshifter) (Depths:4)
  8 neqoxecs
  13 hungry ghosts
  A yaktaur simulacrum (Vaults:3)
  Grum (D:8)
  A hog (shapeshifter) (Depths:4)
  29 chaos spawn
  A minotaur simulacrum (Abyss:5)
  11 spatial vortices
  6 wargs
  2 vampire mosquitoes (D:13)
  A human simulacrum (Vaults:1)
  4 insubstantial wisps (Abyss:1)
  2 hydra simulacra
  2 soldier ants (shapeshifter)
  A soldier ant (D:13)
  Edmund (D:6)
  3 floating eyes
  An ogre skeleton (WizLab)
  3 acid dragons
  3 merfolk skeletons
  19 spiny frog zombies
  10 water moccasins
  7 porcupines
  Duvessa (D:7)
  54 hell hounds
  2 ettin simulacra
  8 eyes of draining
  30 orc warriors
  10 phantoms
  6 spiny frog skeletons
  14 ice beasts
  6 sky beasts
  3 black bears
  25 wolves
  38 starcursed masses
  A fire dragon simulacrum (Abyss:2)
  A manticore zombie (Tomb:1)
  A blink frog zombie (Crypt:1)
  2 swamp dragon zombies
  20 necrophages
  32 ogres
  An orc skeleton (WizLab)
  5 snapping turtle zombies
  A manticore skeleton (Crypt:3)
  15 boggarts
  17 centaurs
  2 snapping turtle skeletons
  3 swamp dragon skeletons
  13 crocodiles
  A big kobold (shapeshifter) (D:11)
  A wyvern zombie (D:12)
  7 big kobolds
  A hippogriff zombie (Crypt:2)
  Blork the orc (D:5)
  5 earth elementals
  An elf zombie (Tar:3)
  12 bullfrogs
  2 gnoll sergeants
  A salamander skeleton (Crypt:1)
  A glowing shapeshifter simulacrum (Vaults:2)
  2 spiny frog simulacra
  A water moccasin zombie (D:9)
  Dowan (D:7)
  4 wyvern skeletons
  6 scorpions
  A manticore simulacrum (Coc:7)
  31 killer bees
  A spriggan skeleton (Crypt:1)
  2 howler monkeys (D:7)
  An electric eel (Spider:1)
  73 wights
  14 crimson imps
  A bullfrog zombie (D:6)
  3 centaur zombies
  4 quasits (Abyss:2)
  3 human zombies
  10 hounds
  18 orc priests
  3 bullfrog skeletons
  2 gnoll shamans
  8 jellies
  31 orc wizards
  A human skeleton (Tar:5)
  3 iguanas
  36 iron imps
  A basilisk skeleton (Crypt:1)
  A black bear skeleton (Crypt:1)
  5 hell rats (Hell)
  A statue (D:8)
  19 worker ants
  A big kobold zombie (Crypt:1)
  A naga zombie (Geh:3)
  2 tengu zombies
  3 tengu skeletons
  A deep dwarf skeleton (Crypt:2)
  A hound zombie (D:11)
  A hound skeleton (D:5)
  50 mummies
  14 gnolls
  A howler monkey skeleton (D:7)
  8 adders
  25 shadow imps
  A steam dragon skeleton (Crypt:2)
  18 white imps
  5 ufetubi
  An adder skeleton (D:7)
  5 worms
  6 dart slugs
  7 leopard geckos
  81 orcs
  5 bats
  4 giant cockroaches
  20 goblins
  3 hobgoblins
  A hobgoblin (shapeshifter) (D:15)
  9 jackals
  5 quokkas
  A ball python zombie (Crypt:2)
  3 frilled lizards
  9 kobolds
  A kobold zombie (Dis:7)
  An orc zombie (Geh:3)
  8 rats
  2 crawling corpses (Elf:3)
  5 fungi
  2 lurking horrors
  4 plants
  9 starspawn tentacles
  10 tentacles
5434 creatures vanquished.

Vanquished Creatures (collateral kills)
  A pearl dragon (Zig:11)
  5 acid blobs (Slime:5)
  2 daevas (Zig:11)
  A minotaur (Gauntlet)
  A death ooze (Slime:5)
10 creatures vanquished.

Vanquished Creatures (others)
  A quicksilver dragon (Zot:3)
  A storm dragon (Zot:4)
  An ironheart preserver (Vaults:1)
  3 elemental wellsprings
  A lorocyproca (Dis:7)
  A vampire knight (Vaults:1)
  4 hell hogs
  A shadow wraith (Vaults:4)
  A faun (Shoals:1)
  A deep elf mage (Elf:3)
  A large abomination (Abyss:1)
  A merfolk siren (Shoals:1)
  A tarantella (Spider:1)
  2 flying skulls
  A water elemental (Hell)
  A ynoxinul (Pan)
  A wraith (Geh:2)
  2 golden eyes (Abyss:1)
  A spatial vortex (Abyss:5)
  2 small abominations (Abyss:3)
  A jelly (Abyss:1)
  An orc priest (Orc:2)
  An iron imp (Dis:7)
  An orc wizard (Orc:2)
  A mummy (Tomb:2)
  10 fungi
  2 lurking horrors
  10 plants
  A starspawn tentacle (Abyss:5)
  20 tentacles
  23 withered plants
99 creatures vanquished.

Grand Total: 5543 creatures vanquished

Notes
Turn   | Place    | Note
-------+----------+-------------------------------------------
     0 | D:1      | gainzmaster the Gargoyle Fighter began the quest for the
                  | Orb.
     0 | D:1      | Reached XP level 1. HP: 14/14 MP: 1/1
    72 | D:1      | Reached XP level 2. HP: 19/19 MP: 2/2
   462 | D:1      | Reached XP level 3. HP: 22/23 MP: 3/3
   975 | D:2      | Reached XP level 4. HP: 25/29 MP: 4/4
  1339 | D:2      | Reached XP level 5. HP: 33/33 MP: 5/5
  1377 | D:2      | Reached skill level 4 in Fighting
  1876 | D:3      | Found a bloodstained altar of Trog.
  2223 | D:3      | Found a hide-covered altar of Uskayaw.
  2227 | D:3      | Noticed a +0 hand axe
  2228 | D:3      | Noticed a +0 dagger
  2544 | D:3      | Found a glowing golden altar of the Shining One.
  2659 | D:3      | Reached XP level 6. HP: 38/38 MP: 6/6
  2770 | D:4      | Found a staircase to the Ecumenical Temple.
  3217 | D:4      | Found Gyliorph's Armour Boutique.
  3314 | D:4      | Noticed a fire elemental
  3318 | D:4      | Found a stormy altar of Qazlal.
  3319 | D:4      | Noticed a water elemental
  3319 | D:4      | Noticed an air elemental
  3347 | D:4      | Found a sacrificial altar of Ru.
  3484 | Temple   | Entered the Ecumenical Temple
  3554 | Temple   | Became a worshipper of Warmaster Okawaru
  3586 | D:5      | Entered Level 5 of the Dungeon
  3589 | D:5      | Noticed a phantom
  3613 | D:5      | Noticed a sky beast
  3627 | D:5      | Killed a sky beast
  3627 | D:5      | Reached XP level 7. HP: 26/44 MP: 7/7
  3795 | D:5      | Noticed Blork the orc
  3808 | D:5      | Reached skill level 5 in Armour
  3808 | D:5      | Reached skill level 5 in Shields
  3813 | D:5      | Killed Blork the orc
  3813 | D:5      | Reached skill level 5 in Fighting
  3831 | D:5      | Reached skill level 8 in Fighting
  3831 | D:5      | Reached XP level 8. HP: 53/54 MP: 8/8
  4060 | D:5      | Reached * piety under Okawaru
  4598 | D:6      | Reached XP level 9. HP: 59/59 MP: 9/9
  4605 | D:6      | Noticed Eustachio
  4638 | D:6      | Killed Eustachio
  4645 | D:6      | Found a shimmering blue altar of Sif Muna.
  4646 | D:6      | Found a white marble altar of Elyvilon.
  4646 | D:6      | Found an opulent altar of Gozag.
  4647 | D:6      | Found a shattered altar of Ashenzari.
  4884 | D:6      | Reached ** piety under Okawaru
  4915 | D:6      | Found an ancient bone altar of Kikubaaqudgha.
  4975 | D:6      | Noticed Prince Ribbit
  5181 | D:6      | Noticed Edmund
  5198 | D:6      | Killed Edmund
  5406 | D:6      | Killed Prince Ribbit
  6235 | D:5      | Reached *** piety under Okawaru
  6238 | D:5      | Reached XP level 10. HP: 31/65 MP: 10/10
  6658 | D:7      | Noticed Dowan
  6658 | D:7      | Noticed Duvessa
  6779 | D:7      | Killed Duvessa
  6798 | D:7      | Reached skill level 9 in Fighting
  6924 | D:7      | Reached skill level 10 in Axes
  7036 | D:7      | Killed Dowan
  7127 | D:7      | Reached **** piety under Okawaru
  7695 | D:8      | Found a radiant altar of Vehumet.
  8123 | D:8      | Found an ornate altar of the Wu Jian Council.
  8144 | D:8      | Noticed Grum
  8156 | D:8      | Killed Grum
  8686 | D:9      | Found a basalt altar of Yredelemnul.
  8688 | D:9      | Noticed a profane servitor
  9078 | D:9      | Found a transporter.
  9079 | D:9      | Noticed ioannis32's ghost (novice DsBe)
  9079 | D:9      | Identified the +6 dire flail of Afunkoin {vorpal, +Fly rC+
                  | Int-2}
  9079 | D:9      | Noticed a two-headed ogre
  9081 | D:9      | Noticed a two-headed ogre
  9085 | D:9      | Noticed a two-headed ogre
  9087 | D:9      | Found a transporter.
  9113 | D:9      | Found a glowing golden altar of the Shining One.
  9115 | D:9      | Noticed an angel
  9259 | D:9      | Found a staircase to the Orcish Mines.
  9293 | D:9      | Noticed a two-headed ogre
  9302 | D:9      | Noticed a two-headed ogre
  9443 | D:9      | Found a burning altar of Makhleb.
  9536 | D:9      | Killed a two-headed ogre
  9536 | D:9      | Reached ***** piety under Okawaru
  9536 | D:9      | Reached skill level 1 in Invocations
  9536 | D:9      | Reached XP level 11. HP: 32/72 MP: 9/11
 10244 | D:10     | Entered Level 10 of the Dungeon
 10297 | D:10     | Reached skill level 10 in Fighting
 10608 | D:10     | Received a gift from Okawaru
 10943 | D:10     | Found Alepudeajij's Food Boutique.
 11158 | D:10     | Got a crude flail
 11159 | D:10     | Identified the +11 flail of Currency {vorpal, +Inv Dex+2}
                  | (You found it on level 10 of the Dungeon)
 11215 | Orc:1    | Entered Level 1 of the Orcish Mines
 11555 | D:4      | Bought the +8 ring mail of Impermeability {*Contam rC+
                  | rCorr} for 580 gold pieces
 12499 | D:9      | Killed a two-headed ogre
 12614 | D:11     | Found a glowing golden altar of the Shining One.
 12871 | D:11     | Noticed a five-headed hydra
 12878 | D:11     | Got a steaming hand crossbow
 12879 | D:11     | Identified the +6 hand crossbow "Spiderbane" {venom, MR++
                  | Int-2} (You found it on level 11 of the Dungeon)
 13033 | D:11     | Noticed a two-headed ogre
 13042 | D:11     | Killed a two-headed ogre
 13485 | D:11     | Killed a five-headed hydra
 13644 | D:11     | Reached XP level 12. HP: 77/77 MP: 14/14
 13876 | D:11     | Found a blossoming altar of Fedhas.
 14035 | D:11     | Found a staircase to the Lair.
 14097 | Lair:1   | Entered Level 1 of the Lair of Beasts
 14918 | Lair:2   | Noticed a five-headed hydra
 14935 | Lair:2   | Killed a five-headed hydra
 15219 | Lair:2   | Found a radiant altar of Vehumet.
 15389 | Lair:2   | Reached ****** piety under Okawaru
 15482 | Lair:2   | Received a gift from Okawaru
 15482 | Lair:2   | Reached skill level 11 in Fighting
 15486 | Lair:2   | Reached skill level 10 in Shields
 16078 | Lair:3   | Received a gift from Okawaru
 16304 | Lair:3   | Found a staircase to the Shoals.
 16402 | Lair:3   | Reached XP level 13. HP: 84/84 MP: 15/15
 17075 | Lair:4   | Found a hole to the Spider Nest.
 17213 | Lair:4   | Found a runed translucent door.
 17218 | Lair:4   | Noticed gbos's ghost (journeyman NaFi)
 17875 | Lair:4   | Killed gbos's ghost
 17989 | Lair:4   | Got a bloodstained war axe
 17992 | Lair:4   | Got a crude plate armour
 17993 | Lair:4   | Identified the +10 war axe "Goikk" {antimagic, rF+ rC+ rN+}
                  | (You found it on level 4 of the Lair of Beasts)
 18672 | Lair:5   | Reached skill level 12 in Fighting
 18716 | Lair:5   | Received a gift from Okawaru
 18739 | Lair:5   | Got a jet-encrusted chain mail {god gift}
 18925 | Lair:5   | Reached skill level 5 in Invocations
 19025 | Lair:5   | Gained mutation: Your large and strong wings let you fly
                  | indefinitely. [Gargoyle growth]
 19025 | Lair:5   | Reached XP level 14. HP: 88/92 MP: 5/17
 19359 | Lair:6   | Entered Level 6 of the Lair of Beasts
 19391 | Lair:6   | Found a staircase to the Slime Pits.
 19395 | Lair:6   | Found a gate leading to a gauntlet.
 19420 | Gauntlet | Entered a Gauntlet
 19420 | Gauntlet | Found a transporter.
 19429 | Gauntlet | Found a transporter.
 19432 | Gauntlet | Found a transporter.
 19433 | Gauntlet | Found a transporter.
 19444 | Gauntlet | Found a transporter.
 19444 | Gauntlet | Found a transporter.
 19445 | Gauntlet | Found a transporter.
 19453 | Gauntlet | Noticed a dire elephant
 19456 | Gauntlet | Found a transporter.
 19457 | Gauntlet | Found a transporter.
 19457 | Gauntlet | Found a transporter.
 19465 | Gauntlet | Found a transporter.
 19468 | Gauntlet | Found a transporter.
 19469 | Gauntlet | Found a transporter.
 19480 | Gauntlet | Found a transporter.
 19713 | Gauntlet | Reached skill level 10 in Armour
 19870 | Lair:6   | Identified the cursed +1 plate armour of the Blessed Realm
                  | {Regen+ Str-4 Dex+4 Slay+3} (You found it on level 4 of the
                  | Lair of Beasts)
 19871 | Lair:6   | Identified the +7 chain mail of Aclughi {rC+} (Okawaru
                  | gifted it to you on level 5 of the Lair of Beasts)
 20083 | Lair:6   | Reached skill level 15 in Axes
 20098 | Lair:6   | Received a gift from Okawaru
 20531 | Lair:6   | Found a burning altar of Makhleb.
 20566 | Lair:6   | Found a gateway to Hell.
 21209 | Orc:2    | Entered Level 2 of the Orcish Mines
 21310 | Orc:2    | Found a staircase to the Elven Halls.
 21331 | Orc:2    | Found a frozen archway.
 21352 | IceCv    | Entered an ice cave
 21487 | IceCv    | Reached skill level 13 in Fighting
 22010 | IceCv    | Reached XP level 15. HP: 92/98 MP: 6/19
 22177 | IceCv    | Noticed a frost giant
 22219 | IceCv    | Killed a frost giant
 22266 | IceCv    | Identified a scroll of acquirement
 22267 | IceCv    | Acquired a manual of Fighting
 22671 | Orc:2    | Found Yriv's Weapon Shoppe.
 22706 | Orc:2    | Received a gift from Okawaru
 23009 | Orc:2    | Found Iwalazui's Distillery.
 23023 | Orc:2    | Gained mutation: You are weak. (Str -2) [a neqoxec]
 23110 | Orc:2    | Found Iletsem's General Store.
 23111 | Orc:2    | Found Enie's Antique Weapon Boutique.
 23122 | Orc:2    | Bought a potion of might for 52 gold pieces
 23122 | Orc:2    | Bought a potion of might for 52 gold pieces
 23132 | Orc:2    | Bought 3 scrolls of blinking for 225 gold pieces
 24563 | D:13     | Reached skill level 14 in Fighting
 25063 | D:13     | Found a gate to the Vaults.
 25218 | D:13     | Received a gift from Okawaru
 25704 | Shoals:1 | Entered Level 1 of the Shoals
 25795 | Shoals:1 | Noticed Roxanne
 25822 | Shoals:1 | Killed Roxanne
 25983 | Shoals:1 | Noticed a kraken
 25995 | Shoals:1 | Killed a kraken
 26218 | Shoals:1 | Found a runed translucent gate.
 26218 | Shoals:1 | Found a runed translucent gate.
 26218 | Shoals:1 | Noticed Tang's ghost (adept TeAE)
 26223 | Shoals:1 | Noticed Nikola
 26226 | Shoals:1 | Found a runed translucent gate.
 26231 | Shoals:1 | Reached XP level 16. HP: 106/107 MP: 1/20
 26245 | Shoals:1 | Killed Nikola
 26245 | Shoals:1 | Reached skill level 15 in Fighting
 26312 | Shoals:1 | Received a gift from Okawaru
 26429 | Shoals:1 | Noticed Jorgrun
 26441 | Shoals:1 | Killed Jorgrun
 27175 | Shoals:2 | Reached skill level 16 in Fighting
 27214 | Shoals:2 | Received a gift from Okawaru
 27337 | Shoals:2 | Reached skill level 15 in Shields
 28037 | Shoals:3 | Found a flickering gateway to a bazaar.
 28054 | Bazaar   | Entered a bazaar
 28125 | Bazaar   | Found Xyhiet's Antique Weapon Shop.
 28140 | Bazaar   | Found Zeixem's Book Boutique.
 28156 | Bazaar   | Found Ynkaq's Distillery.
 28220 | Bazaar   | Found Vuonicist's Assorted Antiques.
 28247 | Bazaar   | Found Pos Uwed's Gadget Emporium.
 28479 | Shoals:3 | Received a gift from Okawaru
 28662 | Shoals:3 | Reached skill level 17 in Fighting
 29047 | Shoals:4 | Entered Level 4 of the Shoals
 29111 | Shoals:4 | Reached XP level 17. HP: 93/117 MP: 7/21
 29416 | Shoals:4 | Received a gift from Okawaru
 29466 | Shoals:4 | Got a clouded gossamer ring
 29610 | Shoals:4 | Noticed Ilsuiw
 29612 | Shoals:4 | Noticed Polyphemus
 29630 | Shoals:4 | Cast into level 3 of the Abyss (merfolk javelineer)
 29845 | Abyss:3  | Found a corrupted altar of Lugonu.
 29848 | Abyss:3  | Found a corrupted altar of Lugonu.
 29890 | Abyss:3  | Noticed an ancient lich
 29961 | Abyss:3  | Noticed a Tzitzimitl
 30044 | Abyss:3  | Killed an ancient lich
 30046 | Shoals:4 | Escaped the Abyss
 30054 | Shoals:4 | Found a runed translucent door.
 30054 | Shoals:4 | Noticed hjaiej13's ghost (adept DrIE)
 30770 | Shoals:4 | Noticed a kraken
 31467 | Shoals:4 | Killed Polyphemus
 31476 | Shoals:4 | Received a gift from Okawaru
 31490 | Shoals:4 | Got a buzzing broad axe {god gift}
 31777 | Shoals:4 | Found Qapylos's Antique Armour Emporium.
 31785 | Shoals:4 | Bought a pair of embroidered boots for 262 gold pieces
 31785 | Shoals:4 | Identified the cursed ring "Caukkul" {*Slow Int+3 Dex-4
                  | Stlth+} (You found it on level 4 of the Shoals)
 32023 | Shoals:4 | Killed a kraken
 32047 | Shoals:4 | Got a barnacled rune of Zot
 32187 | Shoals:4 | Killed hjaiej13's ghost
 32193 | Shoals:4 | Got a scorched scale mail
 32194 | Shoals:4 | Identified the +1 broad axe "Kekh" {venom, +Blink Int+5
                  | Dex-3} (Okawaru gifted it to you on level 4 of the Shoals)
 32196 | Shoals:4 | Identified the +2 scale mail of Ru's Delight {rElec} (You
                  | found it on level 4 of the Shoals)
 32335 | Shoals:1 | Reached skill level 18 in Fighting
 32397 | Shoals:1 | Killed Tang's ghost
 32646 | Spider:1 | Entered Level 1 of the Spider Nest
 32647 | Spider:1 | Noticed Agnes
 32656 | Spider:1 | Killed Agnes
 32937 | Spider:1 | Received a gift from Okawaru
 33242 | Spider:1 | Reached XP level 18. HP: 125/125 MP: 7/22
 33305 | Spider:1 | Reached skill level 1 in Dodging
 33891 | Spider:2 | Reached skill level 5 in Dodging
 34935 | Spider:3 | Noticed Aizul
 34960 | Spider:3 | Killed Aizul
 35026 | Spider:3 | Received a gift from Okawaru
 35079 | Spider:3 | Noticed Arachne
 35109 | Spider:2 | Killed Arachne
 35541 | Spider:4 | Entered Level 4 of the Spider Nest
 36067 | Spider:4 | Reached skill level 10 in Dodging
 36233 | Spider:4 | Received a gift from Okawaru
 36736 | Spider:4 | Received a gift from Okawaru
 36736 | Spider:4 | Reached XP level 19. HP: 55/131 MP: 2/23
 37135 | Spider:4 | Got a gossamer rune of Zot
 37797 | D:14     | Reached skill level 1 in Maces & Flails
 37809 | D:14     | Reached skill level 15 in Armour
 37938 | D:14     | Received a gift from Okawaru
 37939 | D:14     | Found a large runed translucent door.
 37950 | D:14     | Found a large runed translucent door.
 38601 | D:14     | Found a shimmering blue altar of Sif Muna.
 38604 | D:14     | Found a blossoming altar of Fedhas.
 38631 | D:15     | Entered Level 15 of the Dungeon
 38759 | D:15     | Noticed Louise
 38772 | D:15     | Cast into level 2 of the Abyss (Louise)
 39082 | Abyss:2  | Received a gift from Okawaru
 39238 | D:15     | Escaped the Abyss
 39254 | D:15     | Killed Louise
 39828 | D:15     | Found a staircase to the Depths.
 40177 | Vaults:1 | Entered Level 1 of the Vaults
 40249 | Vaults:1 | Reached skill level 19 in Fighting
 40334 | Vaults:1 | Paralysed by an ogre mage for 7 turns
 40396 | Vaults:1 | Noticed Sojobo
 40398 | Vaults:1 | Noticed Rupert
 40422 | Vaults:1 | Killed Sojobo
 40435 | Vaults:1 | Killed Rupert
 40435 | Vaults:1 | Received a gift from Okawaru
 40435 | Vaults:1 | Reached XP level 20. HP: 91/139 MP: 1/24
 40540 | Vaults:1 | Gained mutation: You have sharp fingernails. [mutagenic
                  | glow]
 41299 | Vaults:1 | Noticed Donald
 41316 | Vaults:1 | Killed Donald
 41388 | Vaults:1 | Received a gift from Okawaru
 42235 | Vaults:2 | Found Bytov's Distillery.
 42356 | Vaults:2 | Bought a potion of might for 48 gold pieces
 42773 | Vaults:2 | Found a staircase to the Crypt.
 42785 | Vaults:2 | Found Tual Viz's Magic Scroll Shop.
 42791 | Vaults:2 | Bought a scroll of blinking for 97 gold pieces
 42791 | Vaults:2 | Acquired 1240 gold pieces
 42795 | Vaults:2 | Acquired a manual of Throwing
 42797 | Vaults:2 | Acquired a +1 kite shield of protection
 43001 | Vaults:2 | Reached skill level 1 in Throwing
 43051 | Vaults:2 | Noticed a lich
 43056 | Vaults:2 | Killed a lich
 43056 | Vaults:2 | Received a gift from Okawaru
 43351 | Vaults:2 | Found Yxzit's Magic Scroll Shoppe.
 43359 | Vaults:2 | Bought a scroll of enchant armour for 112 gold pieces
 43359 | Vaults:2 | Bought a scroll of enchant armour for 112 gold pieces
 43359 | Vaults:2 | Bought a scroll of enchant armour for 112 gold pieces
 43459 | Vaults:2 | Reached XP level 21. HP: 144/144 MP: 8/26
 43583 | Vaults:2 | Found Dudal's Distillery.
 43590 | Vaults:2 | Bought a potion of mutation for 152 gold pieces
 43590 | Vaults:2 | Bought a potion of mutation for 152 gold pieces
 43590 | Vaults:2 | Lost mutation: You are weak. (Str -2) [potion of mutation]
 43590 | Vaults:2 | Lost mutation: You have sharp fingernails. [potion of
                  | mutation]
 43590 | Vaults:2 | Gained mutation: You have an increased reservoir of magic.
                  | (+10% MP) [potion of mutation]
 43590 | Vaults:2 | Gained mutation: You are covered in fur. (AC +1) [potion of
                  | mutation]
 43666 | Vaults:2 | Found Sazoycei's Jewellery Emporium.
 43677 | Vaults:2 | Bought an uncursed ring of resist corrosion for 240 gold
                  | pieces
 43804 | Vaults:3 | Got a glittering ivory ring
 44205 | Vaults:3 | Noticed a shard shrike
 44206 | Vaults:3 | Noticed a juggernaut
 44206 | Vaults:3 | a shard shrike changed into a juggernaut
 44215 | Vaults:3 | Noticed a shard shrike
 44215 | Vaults:3 | a juggernaut changed into a shard shrike
 44216 | Vaults:3 | a shard shrike changed into a titan
 44480 | Vaults:3 | Received a gift from Okawaru
 44790 | Vaults:3 | Reached skill level 20 in Fighting
 45411 | Vaults:3 | Found a gateway to a bazaar.
 45514 | Bazaar   | Entered a bazaar
 45534 | Bazaar   | Found Litasch's Book Emporium.
 45539 | Bazaar   | Bought a book of the Warp for 630 gold pieces
 45556 | Bazaar   | Found Geytezotz's Assorted Antiques.
 45561 | Bazaar   | Bought a scroll of brand weapon for 320 gold pieces
 45588 | Bazaar   | Found Puli's Weapon Shoppe.
 45599 | Bazaar   | Found Semmuun's Distillery.
 45610 | Bazaar   | Found Haesch's Distillery.
 45615 | Bazaar   | Bought a potion of mutation for 112 gold pieces
 45615 | Bazaar   | Bought a potion of haste for 140 gold pieces
 45636 | Bazaar   | Bought a potion of berserk rage for 45 gold pieces
 45636 | Bazaar   | Bought a potion of experience for 450 gold pieces
 45636 | Bazaar   | Reached XP level 22. HP: 152/152 MP: 10/30
 45640 | Bazaar   | Learned a level 2 spell: Blink
 45909 | Vaults:4 | Found Okkekhlem's Magic Scroll Emporium.
 46074 | Vaults:4 | Received a gift from Okawaru
 46537 | Vaults:4 | Found Acerungosyo's Distillery.
 46620 | Vaults:4 | Reached XP level 23. HP: 154/158 MP: 10/31
 46622 | Vaults:4 | Paralysed by an ogre mage for 6 turns
 47027 | Vaults:4 | Found a runed translucent gate.
 47027 | Vaults:4 | Found a runed translucent gate.
 47028 | Vaults:4 | Found a runed translucent gate.
 47029 | Vaults:4 | Noticed heteroy's ghost (veteran GrEE)
 47073 | Vaults:4 | Killed heteroy's ghost
 47618 | Vaults:4 | Found Nippipt's Assorted Antiques.
 47878 | Vaults:4 | Learned a level 2 spell: Shroud of Golubria
 48231 | Elf:1    | Entered Level 1 of the Elven Halls
 48441 | Elf:1    | Identified the Almanac of Battle Magic
 48495 | Elf:1    | Found Wuxyxt's Magic Scroll Shoppe.
 48496 | Elf:1    | Found Kimnapt's Jewellery Shoppe.
 48497 | Elf:1    | Found Annetiug's Armour Emporium.
 48508 | Elf:1    | Bought a scroll of enchant armour for 105 gold pieces
 48684 | Elf:1    | You fall into a shaft and drop 1 floor!
 48737 | Elf:2    | Received a gift from Okawaru
 48938 | Elf:2    | Found a runed translucent gate.
 48938 | Elf:2    | Found a runed translucent gate.
 48939 | Elf:2    | Found a runed translucent gate.
 49002 | Elf:2    | Received a gift from Okawaru
 49479 | Elf:2    | Identified the ring "Mulok" {rF+ Int+5 Stlth+} (You found
                  | it on level 3 of the Vaults)
 49640 | Elf:3    | Entered Level 3 of the Elven Halls
 49723 | Elf:3    | Found a magical portal.
 49732 | WizLab   | Entered The Roulette of Golubria
 49732 | WizLab   | Found a transporter.
 49741 | WizLab   | Found a corrupted altar of Lugonu.
 49742 | WizLab   | Found the +1 cloak of Starlight {rElec rC+ EV+4 Stlth--}
 49764 | WizLab   | Found a transporter.
 49867 | WizLab   | Found a transporter.
 49867 | WizLab   | Found a transporter.
 49909 | WizLab   | Reached skill level 21 in Fighting
 49914 | WizLab   | Found a corrupted altar of Lugonu.
 49915 | WizLab   | Found a transporter.
 49926 | WizLab   | Found a transporter.
 49936 | WizLab   | Found a transporter.
 49999 | WizLab   | Found a transporter.
 50016 | WizLab   | Found a transporter.
 50152 | WizLab   | Found a transporter.
 50172 | WizLab   | Found a transporter.
 50289 | WizLab   | Found a transporter.
 50289 | WizLab   | Found a transporter.
 50354 | WizLab   | Got a shimmering cloak
 50415 | WizLab   | Identified the +1 cloak "Ytaisost" {+Inv rPois rF- Dex+2}
                  | (You found it in a wizard's laboratory)
 50417 | WizLab   | Identified Golubria's Volume of the Unemployed Unperson
 50438 | WizLab   | Found a transporter.
 50444 | WizLab   | Received a gift from Okawaru
 50477 | WizLab   | Found a transporter.
 50477 | WizLab   | Found a transporter.
 50648 | WizLab   | Found a transporter.
 50760 | WizLab   | Found a transporter.
 50760 | WizLab   | Found a transporter.
 50825 | WizLab   | Found a transporter.
 51620 | Elf:3    | Reached skill level 5 in Spellcasting
 51655 | Elf:3    | Reached XP level 24. HP: 166/166 MP: 11/33
 51674 | Elf:3    | Reached skill level 5 in Translocations
 51709 | Elf:3    | Cast into level 3 of the Abyss (a deep elf demonologist)
 52032 | Elf:3    | Escaped the Abyss
 52052 | Elf:3    | Received a gift from Okawaru
 52181 | Elf:3    | Identified the +6 morningstar of Dismemberment {elec, rElec
                  | rC+}
 52181 | Elf:3    | Identified the ring of Digyxzi {rF+ rC+ MR+ Str+4 Int+4}
 52184 | Elf:3    | Identified the +1 buckler of Vineziad {rN+ Slay+2}
 52261 | Elf:3    | Found the ring of the Mage {Wiz MR++ Int+3}
 52333 | Elf:3    | Identified Towoumua's Almanac of Fetching Flight
 52377 | Elf:3    | Identified the Catalogue of Transformation
 52390 | Elf:3    | Identified the Almanac of the Hurtful Entourage
 53190 | Depths:1 | Entered Level 1 of the Depths
 53276 | Depths:1 | Received a gift from Okawaru
 53286 | Depths:1 | Paralysed by a great orb of eyes for 6 turns
 53514 | Depths:1 | Noticed the Enchantress
 53607 | Depths:1 | Killed the Enchantress
 54236 | Depths:1 | Got an encrusted chain mail
 54251 | Depths:1 | Identified the +5 chain mail "Sesa" {MR++} (You found it on
                  | level 1 of the Depths)
 54671 | Depths:1 | Found a one-way gate to the infinite horrors of the Abyss.
 54895 | Depths:2 | You fall into a shaft and drop 1 floor!
 54929 | Depths:3 | Received a gift from Okawaru
 54996 | Depths:3 | You fall into a shaft and drop 1 floor!
 55095 | Depths:4 | Received a gift from Okawaru
 55095 | Depths:4 | Reached XP level 25. HP: 160/172 MP: 37/37
 55157 | Depths:5 | Entered Level 5 of the Depths
 55283 | Depths:4 | Got a glittering golden ring
 55290 | Depths:4 | Identified the ring "Zijol" {Dex+4 SInv} (You found it on
                  | level 4 of the Depths)
 55369 | Depths:4 | Noticed a juggernaut
 55404 | Depths:4 | Killed a juggernaut
 55444 | Depths:4 | Received a gift from Okawaru
 56084 | Depths:4 | Reached skill level 22 in Fighting
 57346 | Depths:4 | Found a corrupted altar of Lugonu.
 57522 | Depths:5 | Found a large runed translucent door.
 57522 | Depths:5 | Found a large runed translucent door.
 57523 | Depths:5 | Noticed Faz Zuef's ghost (adept DDFi)
 57555 | Depths:5 | Killed Faz Zuef's ghost
 57639 | Depths:5 | Found the macabre finger necklace {rN+}
 57821 | Depths:5 | Received a gift from Okawaru
 57857 | Depths:5 | Reached XP level 26. HP: 149/179 MP: 40/40
 58197 | Depths:5 | Reached skill level 10 in Spellcasting
 58202 | Depths:5 | Found a runed translucent door.
 58203 | Depths:5 | Found a runed translucent door.
 58203 | Depths:5 | Found a runed translucent door.
 58463 | Depths:5 | Found a gateway to a ziggurat.
 58483 | Depths:5 | Reached skill level 10 in Translocations
 58807 | Depths:5 | Found a runed translucent door.
 58825 | Depths:5 | Found a runed translucent door.
 58828 | Depths:5 | Found a runed translucent door.
 58854 | Depths:5 | Found a gate to the Realm of Zot.
 59235 | Depths:5 | Learned a level 3 spell: Teleport Other
 59381 | Depths:3 | Received a gift from Okawaru
 59393 | Depths:3 | Found Derom's Weapon Shoppe.
 59413 | Depths:3 | Identified a +1 pair of boots of running (Okawaru gifted it
                  | to you on level 3 of the Depths)
 59480 | Depths:3 | Found a runed translucent door.
 59482 | Depths:3 | Noticed Ubraesch's ghost (adept TrMo)
 59506 | Depths:3 | Killed Ubraesch's ghost
 59760 | Depths:3 | Found a burning altar of Makhleb.
 59780 | Depths:3 | Identified the ring "Kucekhle" {rN+ MR+ Dex-5 Stlth+}
 59781 | Depths:3 | Identified the cursed ring of Unko Zat {Str+2 Int-4 SInv}
 59797 | Depths:3 | Identified the ring "Xotrofei" {rPois rF+ Str-2 Dex+4 SInv}
 60325 | Depths:3 | Found a one-way gate leading to the halls of Pandemonium.
 60600 | Depths:3 | Got a translucent crystal amulet
 61077 | Elf:3    | Identified the amulet "Gatoky" {rC++ Regen+ Int+4 Dex-5
                  | Stlth+} (You found it on level 3 of the Depths)
 61468 | Vaults:5 | Entered Level 5 of the Vaults
 61511 | Vaults:5 | Reached XP level 27. HP: 170/184 MP: 40/42
 61521 | Vaults:5 | Received a gift from Okawaru
 61522 | Vaults:5 | Found the +7 Kryia's mail coat {PotionHeal*2 rC+}
 61901 | Vaults:5 | Paralysed by a sphinx for 2 turns
 61908 | Vaults:5 | Noticed an ancient lich
 61923 | Vaults:5 | Killed an ancient lich
 62045 | Vaults:5 | Found Xasag's Food Boutique.
 62255 | Vaults:5 | Got a silver rune of Zot
 62908 | Vaults:5 | Identified the +6 battleaxe of Chance {drain, Int+2 Stlth+}
 63035 | Vaults:5 | Received a gift from Okawaru
 63164 | Vaults:5 | Identified the Grimoire of Helpful Transformation
 63347 | Vaults:5 | Learned a level 2 spell: Song of Slaying
 63354 | Vaults:5 | Identified the Guide on Torrid Creation
 63453 | Vaults:5 | Reached skill level 1 in Charms
 63485 | Vaults:5 | Identified the cursed +0 falchion of the Dancing Fox
                  | {protect, MR+ Stlth+}
 64360 | Slime:1  | Entered Level 1 of the Pits of Slime
 65021 | Slime:1  | Gained mutation: You are dopey. (Int -2) [a shining eye]
 65274 | Slime:2  | Reached skill level 5 in Charms
 65613 | Slime:4  | Received a gift from Okawaru
 65925 | Slime:4  | Lost mutation: You have an increased reservoir of magic.
                  | (+10% MP) [a shining eye]
 66076 | Slime:4  | Received a gift from Okawaru
 66158 | Slime:3  | Gained mutation: You are occasionally teleported next to
                  | monsters. [a shining eye]
 66210 | Slime:5  | Entered Level 5 of the Pits of Slime
 66491 | Slime:5  | Noticed the Royal Jelly
 66884 | Slime:5  | Killed the Royal Jelly
 66884 | Slime:5  | Reached skill level 15 in Translocations
 66941 | Slime:5  | Found the +0 staff of Battle
 66949 | Slime:5  | Got a slimy rune of Zot
 66994 | Slime:5  | Identified Cumpa's Disquisition on Augmentations
 67009 | Slime:5  | Identified the Disquisition on Shifting Creation
 67053 | Slime:5  | Lost mutation: You are dopey. (Int -2) [potion of mutation]
 67053 | Slime:5  | Gained mutation: Scrolls take you a little longer to read.
                  | [potion of mutation]
 67053 | Slime:5  | Gained mutation: You are resistant to hostile enchantments.
                  | (MR+) [potion of mutation]
 67053 | Slime:5  | Gained mutation: You possess an exceptional clarity of
                  | mind. [potion of mutation]
 67053 | Slime:5  | Gained mutation: You are partially covered in iridescent
                  | scales. (AC +2) [potion of mutation]
 67054 | Slime:5  | Lost mutation: Scrolls take you a little longer to read.
                  | [potion of mutation]
 67054 | Slime:5  | Lost mutation: You are resistant to hostile enchantments.
                  | (MR+) [potion of mutation]
 67054 | Slime:5  | Lost mutation: You possess an exceptional clarity of mind.
                  | [potion of mutation]
 67054 | Slime:5  | Gained mutation: You have a pair of small horns on your
                  | head. [potion of mutation]
 67054 | Slime:5  | Gained mutation: You have a beak for a mouth. [potion of
                  | mutation]
 67054 | Slime:5  | Gained mutation: Your muscles are strong. (Str +2) [potion
                  | of mutation]
 67055 | Slime:5  | Lost mutation: Your muscles are strong. (Str +2) [potion of
                  | mutation]
 67055 | Slime:5  | Lost mutation: You are occasionally teleported next to
                  | monsters. [potion of mutation]
 67055 | Slime:5  | Gained mutation: You have an increased reservoir of magic.
                  | (+10% MP) [potion of mutation]
 67055 | Slime:5  | Gained mutation: You can translocate small distances at
                  | will. [potion of mutation]
 67055 | Slime:5  | Gained mutation: You are somewhat resistant to further
                  | mutation. [potion of mutation]
 67083 | Slime:5  | Lost mutation: You are somewhat resistant to further
                  | mutation. [potion of mutation]
 67083 | Slime:5  | Lost mutation: You have a pair of small horns on your head.
                  | [potion of mutation]
 67083 | Slime:5  | Lost mutation: You can translocate small distances at will.
                  | [potion of mutation]
 67083 | Slime:5  | Gained mutation: You have sharp toenails. [potion of
                  | mutation]
 67083 | Slime:5  | Gained mutation: Your body sometimes deteriorates upon
                  | taking damage. [potion of mutation]
 67083 | Slime:5  | Gained mutation: Your natural rate of healing is unusually
                  | fast. [potion of mutation]
 67084 | Slime:5  | Lost mutation: You have sharp toenails. [potion of
                  | mutation]
 67084 | Slime:5  | Lost mutation: Your natural rate of healing is unusually
                  | fast. [potion of mutation]
 67084 | Slime:5  | Gained mutation: You passively map a small area around you.
                  | [potion of mutation]
 67085 | Slime:5  | Lost mutation: You passively map a small area around you.
                  | [potion of mutation]
 67085 | Slime:5  | Lost mutation: Your body sometimes deteriorates upon taking
                  | damage. [potion of mutation]
 67085 | Slime:5  | Lost mutation: You are partially covered in iridescent
                  | scales. (AC +2) [potion of mutation]
 67085 | Slime:5  | Gained mutation: You have sharp toenails. [potion of
                  | mutation]
 67085 | Slime:5  | Gained mutation: You possess an exceptional clarity of
                  | mind. [potion of mutation]
 67275 | Hell     | Entered the Vestibule of Hell
 67275 | Hell     | Noticed Geryon
 67278 | Hell     | Noticed Murray
 67308 | Hell     | Killed Murray
 67357 | Hell     | Killed Geryon
 67378 | Hell     | Received a gift from Okawaru
 67966 | Hell     | Learned a level 8 spell: Controlled Blink
 68014 | Hell     | Found a gateway to the decaying netherworld of Tartarus.
 68069 | Hell     | Found a gateway to the ashen valley of Gehenna.
 68321 | Hell     | Found a gateway to the Iron City of Dis.
 68386 | Hell     | Found a gateway to the freezing wastes of Cocytus.
 68833 | Crypt:1  | Entered Level 1 of the Crypt
 69717 | Crypt:2  | Noticed Saint Roka
 69739 | Crypt:2  | Killed Saint Roka
 69739 | Crypt:2  | Reached skill level 15 in Spellcasting
 69767 | Crypt:2  | Got a bloodstained broad axe
 69768 | Crypt:2  | Identified the +1 broad axe "Sarcophage" {freeze, +Blink}
                  | (You found it on level 2 of the Crypt)
 69959 | Crypt:2  | Noticed Jory
 69988 | Crypt:2  | Killed Jory
 70535 | Crypt:3  | Entered Level 3 of the Crypt
 70547 | Crypt:3  | Noticed Mennas
 70564 | Crypt:3  | Killed Mennas
 70884 | Crypt:3  | Received a gift from Okawaru
 70934 | Crypt:3  | Noticed Margery
 70948 | Crypt:3  | Killed Margery
 71201 | Crypt:3  | Found a staircase to the Tomb.
 71201 | Crypt:3  | Noticed an ancient lich
 71210 | Crypt:3  | Killed an ancient lich
 71467 | Crypt:3  | Noticed Xtahua
 71482 | Crypt:3  | Killed Xtahua
 71550 | Crypt:3  | Found an ancient bone altar of Kikubaaqudgha.
 71569 | Crypt:3  | Received a gift from Okawaru
 71795 | Crypt:3  | Noticed an ancient lich
 71802 | Crypt:3  | Killed an ancient lich
 71832 | Crypt:3  | Noticed an ancient lich
 71850 | Crypt:3  | Killed an ancient lich
 73734 | Zot:1    | Entered Level 1 of the Realm of Zot
 74482 | Zot:1    | Acquired the +8 mithril axe "Arga" {speed, MR+}
 74483 | Zot:1    | Found the +8 mithril axe "Arga" {speed, MR+}
 75608 | Zot:2    | Received a gift from Okawaru
 76045 | Zot:2    | Got a warped golden ring
 76238 | Zot:3    | Learned a level 2 spell: Swiftness
 76885 | Zot:3    | Received a gift from Okawaru
 77606 | Zot:3    | Lost mutation: You possess an exceptional clarity of mind.
                  | [potion of mutation]
 77606 | Zot:3    | Lost mutation: You have sharp toenails. [potion of
                  | mutation]
 77606 | Zot:3    | Gained mutation: You are partially covered in iridescent
                  | scales. (AC +2) [potion of mutation]
 77606 | Zot:3    | Gained mutation: You have supernaturally acute eyesight.
                  | (SInv) [potion of mutation]
 77606 | Zot:3    | Gained mutation: You are resistant to hostile enchantments.
                  | (MR+) [potion of mutation]
 77959 | Zot:4    | Learned a level 3 spell: Stone Arrow
 78280 | Zot:5    | Entered Level 5 of the Realm of Zot
 78371 | Zot:5    | Reached skill level 1 in Earth Magic
 78623 | Zot:5    | Identified the ring "Viatufyc" {rF+ rC+} (You found it on
                  | level 2 of the Realm of Zot)
 78851 | Zot:5    | Reached skill level 5 in Earth Magic
 78974 | Zot:5    | Noticed an orb of fire
 78980 | Zot:5    | Noticed an orb of fire
 78980 | Zot:5    | Noticed an orb of fire
 78980 | Zot:5    | Lost mutation: You have supernaturally acute eyesight.
                  | (SInv) [an orb of fire]
 78982 | Zot:5    | Noticed an orb of fire
 78983 | Zot:5    | Noticed an orb of fire
 78987 | Zot:5    | Noticed an ancient lich
 78993 | Zot:5    | Noticed an ancient lich
 78996 | Zot:5    | Gained mutation: You do not regenerate when monsters are
                  | visible. [an orb of fire]
 79369 | Zot:5    | Gained mutation: You are clumsy. (Dex -2) [an orb of fire]
 79369 | Zot:5    | Gained mutation: You tend to lose your temper in combat.
                  | [an orb of fire]
 79372 | Zot:5    | Gained mutation: Your spells are a little easier to cast,
                  | but a little less powerful. [an orb of fire]
 79609 | Zot:5    | Gained mutation: You are frail. (-10% HP) [an orb of fire]
 79613 | Zot:5    | Gained mutation: Your spells are easier to cast, but less
                  | powerful. [an orb of fire]
 79635 | Zot:5    | Killed an orb of fire
 79635 | Zot:5    | Received a gift from Okawaru
 79655 | Zot:5    | Gained mutation: You are partially covered in icy blue
                  | scales. (AC +2) [an orb of fire]
 79673 | Zot:5    | Killed an orb of fire
 79762 | Zot:4    | Killed an ancient lich
 80183 | Zot:5    | Killed an orb of fire
 80197 | Zot:5    | Killed an ancient lich
 80335 | Zot:5    | Received a gift from Okawaru
 80571 | Zot:5    | Reached skill level 10 in Earth Magic
 80828 | Zot:5    | Gained mutation: You are occasionally teleported next to
                  | monsters. [an orb of fire]
 80841 | Zot:5    | Killed an orb of fire
 81261 | Zot:5    | Lost mutation: You have an increased reservoir of magic.
                  | (+10% MP) [an orb of fire]
 81263 | Zot:5    | Gained mutation: You are very clumsy. (Dex -4) [an orb of
                  | fire]
 81289 | Zot:5    | Gained mutation: You are weak. (Str -2) [an orb of fire]
 81291 | Zot:5    | Killed an orb of fire
 81291 | Zot:5    | Reached skill level 10 in Invocations
 81520 | Zot:5    | Lost mutation: You are covered in fur. (AC +1) [potion of
                  | mutation]
 81520 | Zot:5    | Lost mutation: You are frail. (-10% HP) [potion of
                  | mutation]
 81520 | Zot:5    | Lost mutation: You are very clumsy. (Dex -4) [potion of
                  | mutation]
 81520 | Zot:5    | Gained mutation: You expend magic power (3 MP) to
                  | strengthen your wands. [potion of mutation]
 81521 | Zot:5    | Lost mutation: Your spells are easier to cast, but less
                  | powerful. [potion of mutation]
 81521 | Zot:5    | Lost mutation: You are resistant to hostile enchantments.
                  | (MR+) [potion of mutation]
 81521 | Zot:5    | Gained mutation: You are mostly covered in icy blue scales.
                  | (AC +3) [potion of mutation]
 81521 | Zot:5    | Gained mutation: You are dopey. (Int -2) [potion of
                  | mutation]
 81521 | Zot:5    | Lost mutation: You do not regenerate when monsters are
                  | visible. [potion of mutation]
 82192 | Dis:1    | Entered Level 1 of the Iron City of Dis
 82207 | Dis:1    | Found a huge runed gate.
 82207 | Dis:1    | Found a huge runed gate.
 82207 | Dis:1    | Found a huge runed gate.
 82207 | Dis:1    | Found a huge runed gate.
 82207 | Dis:1    | Found a huge runed gate.
 82207 | Dis:1    | Found a huge runed gate.
 82207 | Dis:1    | Found a huge runed gate.
 82215 | Dis:1    | Learned a level 4 spell: Petrify
 82222 | Dis:1    | Learned a level 6 spell: Iron Shot
 82222 | Dis:1    | Found a huge runed gate.
 82223 | Dis:1    | Found a huge runed gate.
 82301 | Dis:1    | Reached skill level 1 in Conjurations
 82648 | Dis:1    | Found a huge runed gate.
 82648 | Dis:1    | Found a huge runed gate.
 82648 | Dis:1    | Found a huge runed gate.
 82649 | Dis:1    | Found a huge runed gate.
 82650 | Dis:1    | Found a huge runed gate.
 82651 | Dis:1    | Found a huge runed gate.
 82652 | Dis:1    | Found a huge runed gate.
 82653 | Dis:1    | Found a huge runed gate.
 82654 | Dis:1    | Found a huge runed gate.
 82655 | Dis:1    | Found a huge runed gate.
 82656 | Dis:1    | Found a huge runed gate.
 82657 | Dis:1    | Found a huge runed gate.
 82685 | Dis:1    | Received a gift from Okawaru
 83662 | Dis:4    | Reached skill level 5 in Conjurations
 84915 | Dis:6    | Received a gift from Okawaru
 85020 | Dis:7    | Entered Level 7 of the Iron City of Dis
 85510 | Dis:7    | Identified the +4 staff of Dispater
 85510 | Dis:7    | Noticed Dispater
 85577 | Dis:7    | Received a gift from Okawaru
 86579 | Dis:7    | Reached skill level 10 in Conjurations
 86662 | Dis:7    | Received a gift from Okawaru
 86695 | Dis:7    | Got a faintly glowing crystal plate armour {god gift}
 86721 | Dis:7    | Reached skill level 15 in Earth Magic
 86760 | Dis:7    | Identified the +4 crystal plate armour of the Blessed Realm
                  | {Int+7 Dex+2} (Okawaru gifted it to you on level 7 of the
                  | Iron City of Dis)
 87198 | Dis:7    | Reached skill level 23 in Fighting
 87583 | Dis:7    | Gained mutation: You have a pair of small horns on your
                  | head. [a cacodemon]
 88597 | Dis:7    | Received a gift from Okawaru
 89275 | Dis:7    | Killed Dispater
 89303 | Dis:7    | Identified the Disquisition on Icy Dark Secrets
 89306 | Dis:7    | Got an iron rune of Zot
 89610 | Coc:1    | Entered Level 1 of Cocytus
 90377 | Coc:4    | You are sucked into a shaft and drop 2 floors!
 90423 | Coc:7    | Entered Level 7 of Cocytus
 90465 | Coc:7    | Received a gift from Okawaru
 90647 | Coc:7    | Identified Wanu Gov's Collected Works on the Supportive
                  | Snowflakes
 90937 | Coc:7    | Reached skill level 24 in Fighting
 91845 | Coc:7    | Received a gift from Okawaru
 92242 | Coc:7    | Noticed Antaeus
 92907 | Coc:1    | You are sucked into a shaft and drop 1 floor!
 93199 | Coc:5    | Received a gift from Okawaru
 93686 | Coc:7    | Killed Antaeus
 93686 | Coc:7    | Received a gift from Okawaru
 93686 | Coc:7    | Received a gift from Okawaru
 94651 | Coc:7    | Got an icy rune of Zot
 95450 | Pan      | Entered Pandemonium
 97288 | Pan      | Gained mutation: Scrolls take you a little longer to read.
                  | [a cacodemon]
 97448 | Pan      | Noticed Zetadov the pandemonium lord
 97474 | Pan      | Killed Zetadov the pandemonium lord
 97474 | Pan      | Received a gift from Okawaru
 97750 | Pan      | Found an exit through the horrors of the Abyss.
 97931 | Pan      | Gained mutation: You are very frail. (-20% HP) [a
                  | cacodemon]
 98308 | Pan      | Reached skill level 25 in Fighting
 98951 | Pan      | Reached skill level 15 in Conjurations
 99183 | Pan      | Noticed Zalituv the pandemonium lord
 99214 | Pan      | Killed Zalituv the pandemonium lord
 99820 | Pan      | Found an exit through the horrors of the Abyss.
100226 | Pan      | Lost mutation: You expend magic power (3 MP) to strengthen
                  | your wands. [potion of mutation]
100226 | Pan      | Lost mutation: You are occasionally teleported next to
                  | monsters. [potion of mutation]
100226 | Pan      | Lost mutation: You tend to lose your temper in combat.
                  | [potion of mutation]
100226 | Pan      | Gained mutation: You have sharp fingernails. [potion of
                  | mutation]
100226 | Pan      | Lost mutation: You are weak. (Str -2) [potion of mutation]
100226 | Pan      | Gained mutation: You have a pair of horns on your head.
                  | [potion of mutation]
100714 | Pan      | Noticed Mythirgh the pandemonium lord
100755 | Pan      | Killed Mythirgh the pandemonium lord
100783 | Pan      | Received a gift from Okawaru
100986 | Pan      | Learned a level 5 spell: Borgnjor's Vile Clutch
100989 | Pan      | Learned a level 1 spell: Infusion
100996 | Pan      | Learned a level 6 spell: Dispersal
101002 | Pan      | Learned a level 5 spell: Bolt of Magma
101008 | Pan      | Learned a level 5 spell: Lee's Rapid Deconstruction
101012 | Pan      | Learned a level 3 spell: Spectral Weapon
101549 | Pan      | Reached skill level 1 in Hexes
101932 | Pan      | Received a gift from Okawaru
101947 | Pan      | Noticed Ipso Kit the pandemonium lord
101967 | Pan      | Killed Ipso Kit the pandemonium lord
101969 | Pan      | Got an ichor-stained broad axe {god gift}
101970 | Pan      | Identified the +1 broad axe of the Poles {vorpal, Str+4
                  | SInv} (Okawaru gifted it to you in Pandemonium)
102113 | Pan      | Learned a level 2 spell: Passwall
103457 | Pan      | Received a gift from Okawaru
104981 | Pan      | Reached skill level 5 in Hexes
105744 | Pan      | Found a runed translucent door.
106669 | Pan      | Gained mutation: You are very dopey. (Int -4) [a neqoxec]
106685 | Pan      | Noticed Naonaikhlo the pandemonium lord
106699 | Pan      | Killed Naonaikhlo the pandemonium lord
107648 | Pan      | Noticed Juudod the pandemonium lord
107674 | Pan      | Killed Juudod the pandemonium lord
107728 | Pan      | Received a gift from Okawaru
108679 | Depths:3 | Escaped Pandemonium
109145 | Tomb:1   | Entered Level 1 of the Tomb of the Ancients
109796 | Tomb:1   | Noticed a greater mummy
109812 | Tomb:1   | Killed a greater mummy
110037 | Tomb:1   | Noticed a greater mummy
110054 | Tomb:1   | Killed a greater mummy
110353 | Tomb:2   | Noticed a greater mummy
110368 | Tomb:2   | Killed a greater mummy
110374 | Tomb:2   | Noticed a greater mummy
110386 | Tomb:2   | Received a gift from Okawaru
110396 | Tomb:2   | Killed a greater mummy
110408 | Tomb:2   | Noticed a greater mummy
110975 | Tomb:2   | Noticed a greater mummy
110991 | Tomb:2   | Killed a greater mummy
110994 | Tomb:2   | Killed a greater mummy
111711 | Tomb:1   | Noticed a greater mummy
111719 | Tomb:1   | Killed a greater mummy
111723 | Tomb:1   | Noticed a greater mummy
111732 | Tomb:1   | Killed a greater mummy
111732 | Tomb:1   | Received a gift from Okawaru
111738 | Tomb:1   | Noticed a greater mummy
111748 | Tomb:1   | Killed a greater mummy
111854 | Tomb:1   | Noticed a greater mummy
111858 | Tomb:1   | Noticed a greater mummy
111869 | Tomb:1   | Killed a greater mummy
111872 | Tomb:1   | Noticed a greater mummy
111878 | Tomb:1   | Killed a greater mummy
111928 | Tomb:1   | Killed a greater mummy
112309 | Tomb:1   | Noticed a greater mummy
112334 | Tomb:1   | Killed a greater mummy
112334 | Tomb:1   | Received a gift from Okawaru
112554 | Tomb:1   | Noticed a greater mummy
112556 | Tomb:1   | Noticed a greater mummy
112570 | Tomb:1   | Killed a greater mummy
112573 | Tomb:1   | Killed a greater mummy
112825 | Tomb:1   | Noticed a greater mummy
112839 | Tomb:1   | Killed a greater mummy
112839 | Tomb:1   | Reached skill level 26 in Fighting
112968 | Tomb:1   | Noticed a greater mummy
112970 | Tomb:1   | Noticed a greater mummy
112978 | Tomb:1   | Noticed a greater mummy
112982 | Tomb:1   | Killed a greater mummy
112988 | Tomb:1   | Killed a greater mummy
113172 | Tomb:1   | Killed a greater mummy
113582 | Tomb:1   | Noticed a greater mummy
113593 | Tomb:1   | Killed a greater mummy
113715 | Tomb:1   | Noticed a greater mummy
113725 | Tomb:1   | Killed a greater mummy
113725 | Tomb:1   | Received a gift from Okawaru
113849 | Tomb:2   | Received a gift from Okawaru
114050 | Tomb:3   | Entered Level 3 of the Tomb of the Ancients
114100 | Tomb:3   | Received a gift from Okawaru
114106 | Tomb:3   | Noticed a greater mummy
114127 | Tomb:3   | Killed a greater mummy
114545 | Tomb:3   | Noticed an ancient lich
114564 | Tomb:3   | Killed an ancient lich
114591 | Tomb:3   | Noticed a greater mummy
114591 | Tomb:3   | Noticed a greater mummy
115059 | Tomb:3   | Noticed a greater mummy
115069 | Tomb:3   | Killed a greater mummy
115069 | Tomb:3   | HP: 1/176 [something (19)]
115088 | Tomb:2   | Killed a greater mummy
115480 | Tomb:3   | Noticed a greater mummy
115480 | Tomb:3   | Noticed a greater mummy
115500 | Tomb:3   | Killed a greater mummy
115907 | Tomb:3   | Killed a greater mummy
115908 | Tomb:3   | Noticed a greater mummy
115916 | Tomb:3   | Killed a greater mummy
115936 | Tomb:3   | Killed a greater mummy
116461 | Tomb:3   | Identified the Reference Book on the Damaging Arsonist
116525 | Tomb:3   | Got a golden rune of Zot
116998 | Tomb:1   | Noticed a greater mummy
117007 | Tomb:1   | Killed a greater mummy
117641 | Geh:1    | Entered Level 1 of Gehenna
117716 | Geh:2    | Received a gift from Okawaru
117732 | Geh:2    | Reached skill level 27 in Fighting
117822 | Geh:3    | Received a gift from Okawaru
118063 | Geh:3    | You are sucked into a shaft and drop 2 floors!
118402 | Geh:7    | Entered Level 7 of Gehenna
118569 | Geh:7    | Reached skill level 10 in Hexes
118695 | Geh:7    | Found the +5 scythe "Finisher" {speed, eviscerate}
118823 | Geh:7    | Noticed the Serpent of Hell
118853 | Geh:7    | Killed the Serpent of Hell
118867 | Geh:7    | Received a gift from Okawaru
119163 | Geh:7    | Got a glimmering broad axe
119166 | Geh:7    | Identified the +4 broad axe "Peufiob" {vamp, *Rage rC+
                  | Str+5} (You found it on level 7 of Gehenna)
119275 | Geh:7    | Identified the +7 sceptre of Asmodeus
119275 | Geh:7    | Noticed Asmodeus
119313 | Geh:7    | Killed Asmodeus
119351 | Geh:7    | Got an obsidian rune of Zot
119473 | Geh:7    | Received a gift from Okawaru
119489 | Geh:7    | Got a coiled wooden ring
119673 | Geh:7    | Identified the ring "Zoamaeff" {EV+4 Int+2} (You found it
                  | on level 7 of Gehenna)
120357 | Geh:7    | Received a gift from Okawaru
120603 | Tar:1    | Entered Level 1 of Tartarus
120927 | Tar:2    | Lost mutation: Your spells are a little easier to cast, but
                  | a little less powerful. [a neqoxec]
120933 | Tar:2    | Received a gift from Okawaru
121359 | Tar:5    | Reached skill level 15 in Dodging
121394 | Tar:5    | Received a gift from Okawaru
122564 | Tar:7    | Entered Level 7 of Tartarus
122770 | Tar:7    | Received a gift from Okawaru
122920 | Tar:7    | Got a shimmering garnet amulet
122931 | Tar:7    | Identified Duestimm's Tome of Warped Transmutation
123007 | Tar:7    | Received a gift from Okawaru
123264 | Tar:7    | Noticed Ereshkigal
123340 | Tar:7    | Killed Ereshkigal
124323 | Tar:7    | Got a bone rune of Zot
124777 | Depths:1 | Voluntarily entered the Abyss.
124778 | Abyss:1  | Found a corrupted altar of Lugonu.
124835 | Abyss:1  | Found a corrupted altar of Lugonu.
124880 | Abyss:1  | Found a corrupted altar of Lugonu.
124980 | Abyss:1  | Found a corrupted altar of Lugonu.
125050 | Abyss:1  | Found a burning altar of Makhleb.
125635 | Abyss:1  | Received a gift from Okawaru
125942 | Abyss:1  | Reached skill level 15 in Hexes
126174 | Abyss:2  | Found a corrupted altar of Lugonu.
127258 | Abyss:5  | Entered Level 5 of the Abyss
127420 | Abyss:5  | Got an abyssal rune of Zot
127647 | Depths:1 | Escaped the Abyss
127709 | Pan      | Entered Pandemonium
127785 | Pan      | Noticed Renycw the pandemonium lord
127809 | Pan      | Killed Renycw the pandemonium lord
128269 | Pan      | Identified the amulet of Summifoj {Reflect *Corrode rF+++
                  | rN+++ SH+5} (You found it on level 7 of Tartarus)
128326 | Depths:3 | Escaped Pandemonium
128410 | Zig:1    | Entered Level 1 of a ziggurat
128423 | Zig:2    | Entered Level 2 of a ziggurat
128423 | Zig:2    | Noticed a juggernaut
128433 | Zig:2    | Killed a juggernaut
128433 | Zig:2    | Received a gift from Okawaru
128440 | Zig:2    | Got a pair of masterwork boots {god gift}
128443 | Zig:2    | Identified the +1 pair of boots of the Devil's Team {-Cast
                  | Str+8} (Okawaru gifted it to you on level 2 of a ziggurat)
128454 | Zig:3    | Entered Level 3 of a ziggurat
128499 | Zig:4    | Entered Level 4 of a ziggurat
128543 | Zig:5    | Entered Level 5 of a ziggurat
128588 | Zig:6    | Entered Level 6 of a ziggurat
128631 | Zig:7    | Entered Level 7 of a ziggurat
128637 | Zig:7    | Noticed Eboohoeb the pandemonium lord
128654 | Zig:7    | Killed Eboohoeb the pandemonium lord
128892 | Zig:8    | Entered Level 8 of a ziggurat
128909 | Zig:8    | Paralysed by a floating eye for 2 turns
129141 | Zig:9    | Entered Level 9 of a ziggurat
129150 | Zig:9    | Noticed a juggernaut
129150 | Zig:9    | Noticed a juggernaut
129161 | Zig:9    | Killed a juggernaut
129165 | Zig:9    | Killed a juggernaut
129246 | Zig:9    | Got a transparent pewter ring
129267 | Zig:10   | Entered Level 10 of a ziggurat
129375 | Zig:11   | Entered Level 11 of a ziggurat
129395 | Zig:11   | Received a gift from Okawaru
129475 | Zig:11   | Killed from afar by a daeva

Illustrated notes

Levels and vault maps discovered:
D:1:      saegor_arrival_miasma, layout_basic
D:2:      layout_loops_corners
D:3:      wander_river, layout_loops_ring, dancing_weapons_uskayaw, bloody_trog,
          nicolae_tso_swordbearing_angel
D:4:      layout_cave_pools, nicolae_ru_path_of_blood,
          minmay_temple_entry_statues_fountains, serial_shops, kennysheep_mini,
          first_ration, chequers_decorated_corner,
          nicolae_qazlal_style_of_elements
D:5:      layout_cave_pools, uniq_blork_the_orc
D:6:      kennysheep_six_static_rooms, layout_loops_ring,
          kiku_gazebo_garden_becter, chequers_temple_overflow_statue_of_worship,
          lightli_minifort, uniq_prince_ribbit1, uniq_eustachio, uniq_edmund
D:7:      layout_rooms, minmay_misc_feat_x, uniq_duvessa
D:8:      layout_basic, lemuel_doored_altar, vehumet_statue, uniq_grum
D:9:      layout_roguey, grunt_temple_overflow_holy_war,
          overflow_temple_1_default, gammafunk_ghost_smash
D:10:     layout_roguey, serial_shops, shop
D:11:     layout_roguey, david_lair_shrubbed, david_nohive_1,
          hangedman_tree_tricks, kennysheep_flooded_box
D:12:     layout_loops_ring
D:13:     layout_roguey, david_vaults_5,
          hangedman_abyss_or_decor_jellyfish_corner
D:14:     layout_loops_ring, jmf_multi_god_temple2
D:15:     hangedman_depths_entry_try_elsewhere_first, layout_loops_ring,
          small_statue_intersection, uniq_louise
Temple:   compressed_dpeg_triangle_lava_temple
Lair:1:   layout_gridlike
Lair:2:   layout_regular_city, basic_altar, grunt_megastairs_1,
          serial_bayou_shore_a
Lair:3:   layout_loops_ring, shoals_dummy_entry, grunt_forest_stairs_basic
Lair:4:   layout_roguey, nicolae_spider_entry_non_spiders,
          ebering_ghost_inner_flame, grunt_megastairs_5
Lair:5:   layout_long_grid, serial_bayou_pond_e
Lair:6:   evil_forest, layout_gridlike, minmay_slime_entry_pillars,
          gauntlet_entry_generic
Shoals:1: layout_shoals, gammafunk_ghost_split, uniq_roxanne, uniq_jorgrun,
          uniq_nikola
Shoals:2: cheibrodos_shoals_roost, layout_shoals
Shoals:3: cheibrodos_shoals_three_sisters, layout_shoals, serial_shops,
          bzr_entry_islet
Shoals:4: shoals_end_hangedman, layout_shoals, shoals_ilsuiw_ice, serial_shops,
          shop, gammafunk_ghost_grave, uniq_polyphemus
Spider:1: layout_spider_delve, uniq_agnes
Spider:2: cheibrodos_forgotten_conduit, hangedman_spider_tarantella_strand
Spider:3: layout_spider_delve, uniq_aizul, uniq_arachne
Spider:4: grunt_spider_rune_circles
Slime:1:  layout_caves
Slime:2:  layout_caves
Slime:3:  layout_caves
Slime:4:  layout_caves
Slime:5
Orc:1:    layout_diamond_mine
Orc:2:    st_orc_elflike, layout_caves, portal_ice_cave_rime
Elf:1:    minmay_elf_arrival_plus, layout_geoelf_octagon, serial_shops, shop,
          shop_statue, shop_statue, shop, minmay_elf_annihilation
Elf:2:    layout_geoelf_octagon
Elf:3:    grunt_elf_hall_asides, layout_geoelf_diagonals, mu_enter_wizlab_6
Vaults:1: grunt_vaults_focal, vaults_standard_mumra_enter_the_diamond,
          v_misc_15, vaults_mumra_minichess, nicolae_vaults_diagonal_hallway_7,
          dpeg_vaults_monster_row, nicolae_vaults_back_hallway, v_pattern_5,
          v_misc_8, v_misc_30, v_alt_pattern_5, v_misc_16,
          hangedman_vaults_corner_blocks, sword_in_stone,
          layout_vaults_maze_bifur, uniq_donald
Vaults:2: hangedman_vaults_restitches, blue_anna_dwarven_crypt,
          grunt_vaults_twisty, hangedman_vaults_nails, v_misc_3,
          st_smaller_cells, nicolae_vaults_network_s, v_misc_3,
          nicolae_vaults_gold_heap, vaults_room_stairs_pillars,
          vaults_dpeg_ring, layout_vaults_omnigrid, serial_shops, shop,
          shop_scrolls, nicolae_shop_temple_entry_statues_fountains, shop,
          shop_fountains
Vaults:3: v_alt_pattern_2, nicolae_vaults_shelves_hall,
          nicolae_vaults_yaktaur_gun_rack, v_misc_4,
          nicolae_vaults_little_squares_4, nicolae_vaults_ninety_degrees,
          v_misc_16, grunt_vaults_swirl, nicolae_vaults_stairing_the_circle,
          vaults_room_octagon, vaults_room_hangedman_quadrants,
          layout_vaults_big_cross, serial_shops, bzr_entry_water
Vaults:4: gammafunk_vaults_ghost_spectres, nicolae_vaults_little_squares_4,
          hangedman_vaults_stretched_pinwheel, vaults_mumra_minichess_inversion,
          v_misc_14, ontoclasm_vaults_tryst, v_alt_pattern_4,
          hangedman_vaults_capsules, v_pattern_4, st_lattice, v_misc_17,
          vaults_dpeg_hooks, ontoclasm_vaults_twist, nicolae_vaults_what_the_h,
          ontoclasm_vaults_pinch, layout_vaults_ring, serial_shops,
          nicolae_shop_behind_doors, shop, nicolae_shop_behind_doors
Vaults:5: serial_shops
Crypt:1:  layout_regular_city
Crypt:2:  layout_rooms, roderic_lattice_octagonal_star, uniq_jory,
          uniq_saint_roka, uniq_sojobo
Crypt:3:  quadcrypt_mu, uniq_mennas, uniq_margery, uniq_xtahua
Tomb:1
Tomb:2
Tomb:3
Depths:1: layout_gridlike, hell_entry, hex_intersection,
          abyss_entry_small_statue_room, minmay_shattered_shrine,
          uniq_enchantress
Depths:2: minmay_inner_zag, layout_cave_shapes, corexii_leaking_fountain,
          pan_entry, pf_dread_powers_of_hell, lemuel_nasty_fountain
Depths:3: minmay_the_grid_triangle_9x9_rhombus_thin_mashed
          [minmay_the_grid_triangle_9x9_from_above,
          minmay_the_grid_triangle_9x9_prize_special,
          minmay_the_grid_triangle_9x9_shrine,
          minmay_the_grid_triangle_9x9_checkered], layout_basic,
          ebering_ghost_inner_flame, hell_entry, rand_demon_pan_entry_1,
          serial_bayou_pond_d, minmay_shop_star, firewood_loft,
          infiniplex_staircase_zigzag_1
Depths:4: little_maze_vault, layout_cave_pools, minmay_misc_feat_hallway,
          pf_coc_iceberg, serial_column_ruins, column_ruins_hut_water,
          column_ruins_corridor_T, column_ruins_open_small,
          column_ruins_columns_plus, column_ruins_grid_4,
          column_ruins_columns_corner, column_ruins_grid_3,
          abyss_entry_flame_altar
Depths:5: evilmike_zot_entry_castle, layout_basic, ziggurat_fallback,
          hellmouth_1, ebering_ghost_disaster_area
Hell
Dis:1:    layout_regular_city, not_door_vault_due
Dis:2:    layout_regular_city, hangedman_dis_decor_blocks_talon,
          hangedman_dis_decor_tower, hangedman_dis_decor_blocks_mantle
Dis:3:    layout_subdivisions
Dis:4:    layout_jigsaw, evilmike_ambush [evilmike_ambush_outer_doors,
          evilmike_ambush_inner_basic]
Dis:5:    layout_subdivisions
Dis:6:    layout_regular_city, grunt_megastairs_2, lemuel_elevator
Dis:7:    dis_grunt_layers
Geh:1:    layout_gehenna_lava_caves
Geh:2:    layout_gehenna_pools_box
Geh:3:    layout_gehenna_pools_basic
Geh:5:    layout_gehenna_pools_box, lemuel_elevator
Geh:6:    layout_gehenna_lava_caves
Geh:7:    geh_grunt
Coc:1:    layout_ice_bergs
Coc:2:    layout_cocytus_water_paths
Coc:3:    layout_cocytus_water_paths
Coc:4:    layout_ice_bergs
Coc:5:    layout_cocytus_water_paths
Coc:6:    layout_ice_bergs
Coc:7:    coc_dpeg
Tar:1:    layout_honeycomb, nicolae_tar_cuneiform_oil,
          nicolae_tar_cuneiform_heaven
Tar:2:    layout_cathedral_of_symmetry, nicolae_tar_cuneiform_water
Tar:3:    layout_cathedral_of_symmetry, nicolae_tar_cuneiform_bird
Tar:4:    layout_catacombs
Tar:5:    layout_grid_maze
Tar:6:    layout_cathedral_of_symmetry, nicolae_tar_cuneiform_city
Tar:7:    tar_old
Zot:1:    layout_basic, skrybe_zot_glass_2, grunt_megastairs_4
Zot:2:    layout_onion_interference, grunt_ministairs_7, st_small_dragon_hoard_5
Zot:3:    layout_cellular_growth, hangedman_swamp_dais, grunt_megastairs_3
Zot:4:    layout_misc_corridors
Zot:5:    layout_cathedral_of_symmetry
Zig:11

Skill      XL: |  1  2  3  4  5  6  7  8  9 10 11 12 13 14 15 16 17 18 19 20 21 22 23 24 25 26 27 |
---------------+----------------------------------------------------------------------------------+-----
Axes           | 2 3 4 8 9 10 12 13 14 15 16 17 18 25 | 25.3
Armour         | 4 8 9 11 12 14 16 17 18 19 21 25 | 25.5
Shields        | 4 8 9 10 11 12 13 16 17 18 19 20 21 22 23 25 | 25.3
Fighting       | 4 8 9 10 11 12 13 14 17 18 19 20 21 22 27 | 27.0
Invocations    | 1 3 5 6 7 14 | 14.2
Dodging        | 10 18 | 18.6
Maces & Flails | 3 |  3.0
Throwing       | 2 3 |  3.4
Spellcasting   | 2 5 7 9 11 24 | 24.7
Translocations | 2 4 7 9 11 20 | 20.7
Charms         | 9 |  9.2
Earth Magic    | 16 | 16.9
Conjurations   | 16 | 16.3
Hexes          | 17 | 17.2

Action                   |  1- 3 |  4- 6 |  7- 9 | 10-12 | 13-15 | 16-18 | 19-21 | 22-24 | 25-27 || total
-------------------------+-------+-------+-------+-------+-------+-------+-------+-------+-------++-------
Melee: War axe           |    96 |   232 |   280 |   175 |  1071 |  1560 |  1674 |  1377 |       ||  6465
       Hand axe          |       |       |       |   541 |   169 |       |       |       |       ||   710
       Flail             |       |       |       |   258 |    81 |       |       |       |       ||   339
       Broad axe         |       |       |       |       |       |       |       |   209 | 12087 || 12296
       Peck              |       |       |       |       |       |       |       |       |  3142 ||  3142
       Headbutt          |       |       |       |       |       |       |       |       |  2122 ||  2122
 Cast: Blink             |       |       |       |       |       |       |       |     1 |     1 ||     2
       Shroud of Golubri |       |       |       |       |       |       |       |       |     1 ||     1
       Song of Slaying   |       |       |       |       |       |       |       |       |    24 ||    24
       Controlled Blink  |       |       |       |       |       |       |       |       |    19 ||    19
       Iron Shot         |       |       |       |       |       |       |       |       |    19 ||    19
       Bolt of Magma     |       |       |       |       |       |       |       |       |     3 ||     3
       Stone Arrow       |       |       |       |       |       |       |       |       |     3 ||     3
       Swiftness         |       |       |       |       |       |       |       |       |     2 ||     2
       Lee's Rapid Decon |       |       |       |       |       |       |       |       |     2 ||     2
       Petrify           |       |       |       |       |       |       |       |       |     2 ||     2
       Infusion          |       |       |       |       |       |       |       |       |     1 ||     1
       Borgnjor's Vile C |       |       |       |       |       |       |       |       |     1 ||     1
Invok: Heroism           |       |       |       |     3 |     5 |     2 |     1 |       |    23 ||    34
       Finesse           |       |       |       |       |     3 |     4 |     5 |     3 |    52 ||    67
 Abil: Fly               |       |       |       |       |     2 |     2 |     1 |       |     6 ||    11
       Stop Flying       |       |       |       |       |     1 |     3 |     1 |       |     6 ||    11
Evoke: Wand              |       |       |       |     9 |     4 |       |     2 |       |     2 ||    17
  Use: Potion            |       |       |     5 |     5 |     4 |     6 |     2 |     4 |    44 ||    70
       Scroll            |       |       |    11 |     5 |    18 |    15 |     5 |    17 |    27 ||    98
 Stab: Sleeping          |       |       |       |     3 |     1 |       |       |       |       ||     4
       Invisible         |       |       |       |       |     1 |       |       |       |     6 ||     7
       Distracted        |       |       |       |       |     2 |       |     1 |       |     2 ||     5
       Petrified         |       |       |       |       |       |       |       |       |    13 ||    13
       Held in net/web   |       |       |       |       |       |       |       |       |     1 ||     1
  Eat: Chunk             |       |     8 |     5 |    25 |    29 |    25 |    28 |    25 |    84 ||   229
       Ration            |       |       |     2 |     2 |     1 |     3 |     1 |     2 |    48 ||    59
Armor: Scale mail        |    63 |   138 |   157 |   281 |       |       |       |       |       ||   639
       Ring mail         |       |       |       |   138 |   382 |   553 |   148 |       |       ||  1221
       Chain mail        |       |       |       |       |       |       |   173 |   253 |   226 ||   652
       Plate armour      |       |       |       |       |       |       |       |       |   112 ||   112
       Gold dragon scale |       |       |       |       |       |       |       |       |   291 ||   291
       Crystal plate arm |       |       |       |       |       |       |       |       |  1307 ||  1307
       Pearl dragon scal |       |       |       |       |       |       |       |       |   500 ||   500
Dodge: Dodged            |    30 |    64 |    70 |   198 |   515 |   840 |   540 |   330 |  2072 ||  4659
Block: Kite shield       |    49 |   106 |   164 |   541 |  1007 |  1443 |  1122 |    41 |       ||  4473
       Reflection        |       |       |       |     1 |    23 |    55 |    70 |    92 |   222 ||   463
       Tower shield      |       |       |       |       |       |       |       |  1408 | 10524 || 11932
